 Dungeon Crawl Stone Soup version 0.19-a0-678-ge7aab0b (webtiles) character file.

13153710 arn the Infernalist (level 27, 273/273 HPs)
             Began as a Hill Orc Fire Elementalist on June 6, 2016.
             Was the Champion of Vehumet.
             Escaped with the Orb
             ... and 15 runes on June 17, 2016!
             The game lasted 15:23:08 (123534 turns).

arn the Infernalist (Hill Orc Fire Elementalist)  Turns: 123534, Time: 15:23:09

Health: 273/273    AC: 41    Str: 15    XL:     27
Magic:  61/62      EV: 20    Int: 36    God:    Vehumet [******]
Gold:   14689      SH: 12    Dex: 11    Spells: 12 memorised, 16 levels left

rFire  + + +     SeeInvis +     o - +1 rapier of the Magi {pierce, Fragile rElec rPois Int+8}
rCold  + + .     Gourm    .     Z - +10 pearl dragon armour
rNeg   + + +     Faith    .     v - +3 warlock's mirror {reflect}
rPois  +         Spirit   .     K - -2 hat of the Alchemist {rElec rPois rF+ rC+ rN+ MR+ rMut rCorr}
rElec  +         Dismiss  .     Y - +1 cloak of Sorcery {rC+ Slay+2}
rCorr  +         Reflect  +     N - +2 pair of gloves of the Quahog {Int+2}
rMut   +         Harm     .     R - +2 pair of boots {run}
SustAt .                        w - macabre finger necklace {rN+}
MR     ++++.                    n - ring of Redwukig {Fire rElec MP+9}
Stlth  +.........               D - ring "Wiemel" {rF+ rN+ MR+ Int+4}
                                V - ring "Xenut" {rPois rC+ rN+ SInv Stlth-}

@: contaminated, hasted, delayed fireball, glowing, studying Necromancy, repel
missiles, very quick, incredibly resistant to hostile enchantments, very
unstealthy
A: dopey 1, screaming 1
a: Renounce Religion, Release Delayed Fireball
0: Orb of Zot
}: 15/15 runes: decaying, serpentine, slimy, silver, golden, iron, obsidian,
icy, bone, abyssal, demonic, glowing, magical, fiery, dark


You escaped.
You worshipped Vehumet.
Vehumet was exalted by your worship.
You were not hungry.

You visited 18 branches of the dungeon, and saw 93 of its levels.
You visited Pandemonium 1 time, and saw 35 of its levels.
You visited the Abyss 2 times.
You visited 2 ziggurats (completing 1), and saw 47 of their levels.
You also visited: Labyrinth, Trove and Sewer.

You collected 18095 gold pieces.
You spent 3406 gold pieces at shops.

Inventory:

Hand Weapons
 o - the +1 rapier of the Magi (weapon) {pierce, Fragile rElec rPois Int+8}
   (You found it on level 26 of a ziggurat)

   It inflicts extra damage upon your enemies.
   It affects your intelligence (+8).
   It insulates you from electricity.
   It protects you from poison.
   It will be destroyed if unequipped.
 q - the +9 scimitar "Gram" {slice, Int+5}
   (You found it on level 25 of a ziggurat)

   It inflicts extra damage upon your enemies.
   It affects your intelligence (+5).
 C - the +10 dark maul {crush}
   (You found it on level 7 of Tartarus)

   It inflicts extra damage upon your enemies.
 I - the +4 staff of Dispater
   (You took it off Dispater on level 7 of the Iron City of Dis)
 M - the +10 dagger "Camuwivi" {freeze, *Corrode rPois rF+ Int+8}
   (You found it on level 2 of the Swamp)

   It has been specially enchanted to freeze those struck by it, causing extra
   injury to most foes and up to half again as much damage against particularly
   susceptible opponents.
   It can also slow down cold-blooded creatures.
   It affects your intelligence (+8).
   It protects you from fire.
   It protects you from poison.
   It may corrode you when you take damage.
Armour
 i - the cursed quicksilver dragon armour "Ahecw" {rElec rF+++ MR+ MP-9 SInv}
   (You took it off Asmodeus on level 7 of Gehenna)

   It renders you almost immune to fire.
   It insulates you from electricity.
   It affects your resistance to hostile enchantments.
   It affects your magic capacity (-9).
   It lets you see invisible.
   It has a curse placed upon it.
 j - the +0 mask of the Dragon {MR+ Slay+3 SInv}
   (You found it on level 7 of Tartarus)

   It affects your accuracy and damage with ranged weapons and melee attacks
   (+3).
   It affects your resistance to hostile enchantments.
   It lets you see invisible.
 v - the +3 warlock's mirror (worn) {reflect}
   (You found it on level 8 of a ziggurat)
 K - the -2 hat of the Alchemist (worn) {rElec rPois rF+ rC+ rN+ MR+ rMut rCorr}
   (You found it on level 25 of a ziggurat)

   It protects you from fire.
   It protects you from cold.
   It insulates you from electricity.
   It protects you from poison.
   It protects you from negative energy.
   It affects your resistance to hostile enchantments.
   It protects you from acid and corrosion.
   It protects you from mutation.
 N - the +2 pair of gloves of the Quahog (worn) {Int+2}
   (You found it on level 3 of the Elven Halls)

   It affects your intelligence (+2).
 R - a +2 pair of boots of running (worn)
 Y - the +1 cloak of Sorcery (worn) {rC+ Slay+2}
   (You found it on level 4 of the Abyss)

   It affects your accuracy and damage with ranged weapons and melee attacks
   (+2).
   It protects you from cold.
 Z - a +10 pearl dragon armour (worn)
Magical Staves
 B - an uncursed staff of energy
 W - an uncursed staff of earth
Jewellery
 b - an uncursed ring of flight
 d - the ring of Shaolin {EV+8}
   (You found it on level 9 of a ziggurat)

   [ring of evasion]

   It affects your evasion (+8).
 n - the ring of Redwukig (right hand) {Fire rElec MP+9}
   (You found it on level 9 of a ziggurat)

   [ring of fire]

   It enhances your fire magic, and weakens your ice magic.
   It protects you from fire.
   It makes you vulnerable to cold.
   It insulates you from electricity.
   It affects your magic capacity (+9).
 p - the amulet of the Four Winds {rN+ MR+++ Clar}
   (You took it off a deep elf death mage on level 3 of the Elven Halls)

   [amulet of nothing]

   It protects you from negative energy.
   It affects your resistance to hostile enchantments.
   It protects you against confusion.
 u - the ring "Ysolos" {rC+ Dex+4}
   (You found it on level 8 of the Lair of Beasts)

   [ring of protection from cold]

   It affects your dexterity (+4).
   It protects you from cold.
 w - the macabre finger necklace (around neck) {rN+}
   (You found it on level 7 of a ziggurat)

   [amulet of nothing]

   It protects you from negative energy.
 D - the ring "Wiemel" (left hand) {rF+ rN+ MR+ Int+4}
   (You took it off a necromancer on level 3 of the Crypt)

   [ring of positive energy]

   It affects your intelligence (+4).
   It protects you from fire.
   It protects you from negative energy.
   It affects your resistance to hostile enchantments.
 L - the amulet "Udduir" {Reflect +Blink Dex+7 SH+4}
   (You found it in a treasure trove)

   [amulet of reflection]

   It shields you and reflects attacks.
   It affects your dexterity (+7).
   It lets you blink.
   It affects your SH (+4).
 V - the ring "Xenut" (on amulet) {rPois rC+ rN+ SInv Stlth-}
   (You found it on level 23 of a ziggurat)

   [ring of poison resistance]

   It protects you from cold.
   It protects you from poison.
   It protects you from negative energy.
   It lets you see invisible.
   It makes you less stealthy.
Wands
 t - a wand of teleportation (5/9)
 y - a wand of hasting (2/9)
 E - a wand of digging (1/24)
 O - a wand of heal wounds (6/9)
Scrolls
 e - a scroll of identify
 g - 33 scrolls of teleportation
 h - 31 scrolls of fog
 l - a scroll of enchant armour
 m - 14 scrolls of blinking
 r - 52 scrolls of remove curse
 s - 10 scrolls of immolation
 Q - 3 scrolls of magic mapping
 T - 3 scrolls of holy word
 U - 15 scrolls of recharging
Potions
 a - 12 potions of heal wounds
 k - 33 potions of curing
 x - 11 potions of agility
 F - 5 potions of resistance
 G - 7 potions of haste
 H - 15 potions of cure mutation
 J - 10 potions of flight
 X - 11 potions of brilliance
Books
 A - a manual of Necromancy
Comestibles
 c - 17 bread rations
 f - 10 beef jerkies
 z - 13 meat rations
 S - 3 fruits


   Skills:
 O Level 27 Fighting
 + Level 25.9 Armour
 + Level 23.1 Dodging
 - Level 12.4 Stealth
 + Level 20.7 Shields
 + Level 26.0 Spellcasting
 - Level 26.5 Conjurations
 - Level 11.0 Charms
 - Level 11.9 Necromancy
 O Level 27 Fire Magic
 O Level 27 Earth Magic
 - Level 7.0 Evocations


You had 16 spell levels left.
You knew the following spells:

 Your Spells              Type           Power        Failure   Level  Hunger
a - Fire Storm            Conj/Fire      #########.   1%          9    ###....
b - Regeneration          Chrm/Necr      #######...   1%          3    None
c - Repel Missiles        Chrm/Air       ######       1%          2    None
d - Sticky Flame          Conj/Fire      ########     0%          4    None
e - Bolt of Fire          Conj/Fire      #########.   0%          6    None
f - Haste                 Chrm           #######.     1%          6    None
g - Sublimation of Blood  Necr           #######...   0%          2    None
h - Fireball              Conj/Fire      #########.   0%          5    None
i - Delayed Fireball      Conj/Fire      N/A          1%          7    None
j - Shatter               Erth           ########..   1%          9    ###....
k - Iron Shot             Conj/Erth      ########..   0%          6    None
l - Lehudib's Crystal Sp  Conj/Erth      ########..   1%          8    None


Dungeon Overview and Level Annotations

Branches:
Dungeon (15/15)            Temple (1/1) D:5            Lair (8/8) D:11
  Swamp (4/4) Lair:6        Snake (4/4) Lair:5        Slime (6/6) Lair:8
    Orc (2/2) D:12            Elf (3/3) Orc:2        Vaults (5/5) D:14
  Crypt (3/3) Vaults:3       Tomb (3/3) Crypt:3      Depths (5/5) D:15
   Hell (1/1)                 Dis (7/7) Hell            Geh (7/7) Hell
    Coc (7/7) Hell            Tar (7/7) Hell            Zot (5/5) Depths:5

Altars:
Ashenzari
Cheibriados
Dithmenos
Elyvilon
Fedhas
Gozag
Hepliaklqana
Kikubaaqudgha
Makhleb
Nemelex Xobeh
Okawaru
Pakellas
Qazlal
Ru
Sif Muna
Trog
Uskayaw
Vehumet
Xom
Yredelemnul
Zin
Beogh
Lugonu

Shops:
D:4 }   Orc:2 :(*[?   Snake:1 *(?   Vaults:2 *}:[   Vaults:3 (   Vaults:4 =

Portals:
Hell: Depths:1 Depths:2 Depths:3 Depths:4 Depths:5
Abyss: Depths:2 Depths:3*
Pandemonium: Depths:3

Annotations:
Lair:6 archon2's ghost, journeyman GrFi
Snake:3 Aizul
Depths:1 3 runed doors


Innate Abilities, Weirdness & Mutations

You are dopey. (Int -2)
You occasionally shout uncontrollably at your foes.


Message History

There is a stone staircase leading down here.
Your body shudders with the violent release of wild energies!
You feel the urge to shout.
There is a stone staircase leading up here.
You climb upwards.
There is a stone staircase leading down here. 2 torturous demonspawn come into view.
Casting: Fire Storm
Confirm with . or Enter, or press ? or * to list all spells.
Aiming: Haste
Press: ? - help, Shift-Dir - straight line, f - you You feel yourself speed up.
There is a staircase leading out of the dungeon here.
Okay, then.
Okay, then.
Wield which item (- for none, * to show all)? (? for menu, Esc to quit)
Okay, then.
Wear which item? (? for menu, Esc to quit)
Okay, then.
You have escaped!

#............##...#......P≈PPP..#
#............##.>.#......PPP....#
#............##...#.....#.......#
#............##.#.#.....#..#..###
#............##...#######..##.##.
#####...#######.#.#######..##..#.
#...##.............##..###.#.
#...##.....).......##........
#.(.##......@......###.####..
#...##.............#...#.....
#...##.............#.###.....
###...################........>
#......###########..)..........
#......#..........)............
#......#.......................
#......#............#...##.....
#......#............#...##.....


There were no monsters in sight!

Vanquished Creatures
  Cerebov (Pan)
  Antaeus (Coc:7)
  Asmodeus (Geh:7)
  Ignacio (Pan)
  Gloorx Vloq (Pan)
  A seraph (Pan)
  Ereshkigal (Tar:7)
  the Serpent of Hell (Geh:7)
  Mnoleg (Pan)
  The ghost of Hellonello the Slayer, a legendary OgGl of Hepliaklqana (Zig:12)
  Lom Lobon (Pan)
  Dispater (Dis:7)
  Khufu (Crypt:3)
  Mara (Tomb:1)
  6 orbs of fire (Zot:5)
  Mennas (Pan)
  2 juggernauts
  16 ancient liches
  27 greater mummies
  4 shard shrikes
  Xtahua (Crypt:3)
  7 pandemonium lords
  Geryon (Hell)
  7 Killer Klowns
  28 golden dragons
  Jory (Tomb:1)
  6 pearl dragons
  11 bone dragons
  4 iron giants
  A profane servitor (Abyss:4)
  18 Brimstone Fiends
  5 electric golems
  10 Tzitzimimeh (Tar:7)
  Jorgrun (Depths:5)
  Rupert (D:13)
  25 tentacled monstrosities
  22 liches
  22 Orb Guardians
  11 Ice Fiends
  19 Hell Sentinels
  Asterion (Depths:3)
  3 deep elf blademasters
  A deep elf master archer (Elf:3)
  5 titans
  28 acid blobs
  5 quicksilver dragons
  12 sphinxes
  21 tentacled starspawn
  13 ancient champions
  28 Executioners
  A thorn hunter (Zig:17)
  Agnes (Snake:3)
  Kirke (D:13)
  Frances (Elf:1)
  14 tengu reavers
  7 death cobs
  15 shadow dragons
  A kraken (Abyss:4)
  20 storm dragons
  4 draconian monks
  Roxanne (Elf:2)
  17 daevas
  8 revenants
  57 greater nagas
  27 azure jellies
  14 fire giants
  Donald (D:14)
  14 deep elf sorcerers
  9 iron dragons
  18 vault wardens
  Maud (Orc:1)
  24 cacodemons
  3 emperor scorpions (Zig:17)
  2 orc warlords
  8 draconian knights
  17 frost giants
  10 ghost moths
  8 draconian shifters
  12 draconian scorchers
  48 balrugs
  10 draconian annihilators
  30 angels
  5 warmongers
  5 draconian zealots
  17 ophanim
  A juggernaut zombie (Zig:15)
  A caustic shrike zombie (Zig:15)
  2 spriggan defenders (Depths:2)
  12 deep elf elementalists
  10 curse skulls
  A juggernaut skeleton (Zig:26)
  16 ironheart preservers
  50 reapers
  A caustic shrike skeleton (Depths:4)
  4 ghouls
  15 war gargoyles
  48 very ugly things
  10 corrupters
  11 blood saints
  3 draconian callers
  36 stone giants
  6 green draconians
  4 bennus
  9 black draconians
  9 vampire knights
  4 elemental wellsprings (Coc:7)
  3 chaos champions (Pan)
  11 lorocyprocas
  8 black suns
  17 apis (Pan)
  4 deep elf demonologists
  11 deep elf annihilators
  10 spark wasps
  11 white draconians
  11 red draconians
  7 yellow draconians
  5 mottled draconians
  10 purple draconians
  17 ettins
  20 eidola
  15 crystal guardians
  13 deep elf death magi
  9 merfolk javelineers
  8 quicksilver dragon zombies
  6 merfolk impalers
  22 green deaths
  23 fire dragons
  10 death oozes
  27 blizzard demons
  13 jiangshi
  Josephine (Lair:4)
  A minotaur (Lab)
  22 mummy priests
  13 deep elf high priests
  Fannar (Lair:2)
  30 naga warriors
  17 great orbs of eyes
  22 yaktaur captains
  7 entropy weavers
  6 spriggan air magi
  4 rakshasas
  23 hydras
  2 quicksilver dragon skeletons
  4 hell beasts
  32 vault guards
  A caustic shrike simulacrum (Depths:2)
  A ghost crab (shapeshifter) (Vaults:3)
  20 anacondas
  6 ghost crabs
  16 centaur warriors
  5 merfolk avatars
  38 ice dragons
  3 catoblepae (Lair:8)
  8 monstrous demonspawn (Pan)
  11 alligators
  24 ogre magi
  3 tengu warriors
  27 hell hogs
  10 deep troll earth magi
  2 satyrs
  25 dancing weapons
  16 merfolk aquamancers
  A queen ant (D:9)
  7 death knights
  2 alligator snapping turtles (Zig:17)
  11 death yaks (Lair:8)
  11 deep troll shamans
  14 vampire magi
  33 thrashing horrors
  3 titan zombies
  5 orc high priests
  20 shock serpents
  5 spriggan berserkers
  51 soul eaters
  30 naga sharpshooters
  4 storm dragon zombies
  A shock serpent (shapeshifter) (Vaults:4)
  21 deep elf knights
  24 wretched stars
  7 iron golems
  43 sun demons
  An iron troll (shapeshifter) (Vaults:5)
  14 iron trolls
  3 fire crabs
  11 salamander mystics
  3 titan skeletons
  6 spatial maelstroms
  22 death scarabs
  An iron giant skeleton (Crypt:2)
  2 spark wasp zombies (Zig:7)
  6 sea snakes (Zig:20)
  12 death drakes
  5 storm dragon skeletons
  33 shadow wraiths
  20 hell knights
  7 unseen horrors
  7 giant orange brains
  2 spriggan druids
  4 golden dragon zombies
  14 shambling mangroves
  A swamp dragon (shapeshifter) (Depths:3)
  8 anaconda zombies
  86 skeletal warriors
  26 anubis guards
  An obsidian statue (Vaults:3)
  A ghost moth zombie (Crypt:3)
  13 swamp dragons
  16 cherubim
  20 deep elf archers
  3 spectral hydras (Swamp:4)
  41 deep trolls
  6 hill giants
  6 gelid demonspawn (Pan)
  7 torturous demonspawn
  25 ironbrand convokers
  23 shadow demons
  18 wizards
  9 putrid demonspawn (Pan)
  A hill giant (shapeshifter) (Zig:13)
  4 sphinx zombies
  22 naga ritualists
  22 flayed ghosts
  50 starcursed masses
  10 infernal demonspawn (Pan)
  12 orc knights
  An anaconda skeleton (Geh:7)
  4 golden dragon skeletons
  An anubis guard (shapeshifter) (Depths:2)
  2 wolf spider zombies
  6 shadow dragon zombies
  28 necromancers
  9 frost giant zombies
  Pikel (D:4)
  33 phantasmal warriors
  A mana viper (shapeshifter) (Zig:13)
  An orb spider (Zig:23)
  46 ugly things
  19 harpies
  2 fauns (shapeshifter)
  25 mana vipers
  2 sphinx skeletons
  3 iron dragon zombies (Zig:26)
  7 shadow dragon skeletons
  8 orc sorcerers
  65 deep elf magi
  A hornet (shapeshifter) (Vaults:4)
  6 cyclopes
  20 salamanders
  6 stone giant zombies
  13 hornets
  A shining eye (shapeshifter) (Zig:13)
  2 elephants (shapeshifter)
  14 griffons
  7 oklob plants
  A wolf spider (shapeshifter) (Depths:2)
  3 fauns (Zig:20)
  104 large abominations
  A manticore (shapeshifter) (Zig:10)
  19 moths of wrath
  15 wolf spiders
  6 manticores
  13 shining eyes
  29 sixfirhies
  A cyclops (shapeshifter) (Depths:2)
  6 iron dragon skeletons
  3 centaur zombies
  3 worldbinders
  6 fire giant zombies
  4 frost giant skeletons
  6 water nymphs
  3 fire giant skeletons
  21 rust devils
  3 stone giant skeletons
  4 dire elephant zombies
  2 water nymphs (shapeshifter)
  7 eyes of devastation
  A moth of wrath (shapeshifter) (Zig:13)
  An ice statue (Hell)
  A guardian serpent (shapeshifter) (Vaults:1)
  22 guardian serpents
  7 sirens
  Maurice (D:9)
  2 shock serpent zombies
  70 black mambas
  2 spriggan zombies
  22 vault sentinels
  2 eyes of devastation (shapeshifter)
  2 torpor snails (shapeshifter) (Zig:10)
  8 molten gargoyles (Geh:7)
  14 elephants
  A shock serpent skeleton (Coc:7)
  A spiny frog (shapeshifter) (Vaults:5)
  A gargoyle (D:14)
  39 naga magi
  10 apocalypse crabs
  24 orange demons
  9 titan simulacra
  2 storm dragon simulacra (Coc:7)
  2 catoblepas zombies
  A dire elephant skeleton (Pan)
  38 smoke demons
  3 emperor scorpion zombies
  24 spiny frogs
  45 hellions
  76 yaktaurs
  8 elf zombies
  5 rime drakes
  10 komodo dragons
  12 demonic crawlers
  7 elf skeletons
  4 anaconda simulacra
  2 kobold demonologists
  A rime drake (shapeshifter) (Depths:5)
  9 efreet
  23 freezing wraiths
  3 swamp worm zombies (Swamp:4)
  42 tormentors
  A ghost moth simulacrum (Abyss:1)
  27 ice devils
  13 hydra zombies
  14 ancient zymes
  A catoblepas skeleton (Crypt:3)
  3 harpy zombies
  3 meliai (shapeshifter)
  28 hellwings
  A jumping spider (shapeshifter) (Zig:23)
  50 red devils
  40 guardian mummies
  4 tengu conjurers
  A merfolk (shapeshifter) (Zig:13)
  3 trolls
  34 merfolk
  2 polar bears
  A sphinx simulacrum (Depths:1)
  2 wind drakes
  6 jumping spiders
  17 ushabtiu
  A tengu simulacrum (Vaults:5)
  A blink frog (shapeshifter) (D:15)
  A wind drake (shapeshifter) (Vaults:1)
  2 two-headed ogres (shapeshifter)
  23 raiju
  3 harpy skeletons
  8 giant leeches
  9 ettin zombies
  A boulder beetle (shapeshifter) (Zig:10)
  5 ice dragon zombies
  A slime creature (shapeshifter) (Zig:27)
  5 snapping turtles
  2 spectral swamp dragons (Swamp:4)
  31 two-headed ogres
  A raiju (shapeshifter) (Vaults:3)
  22 blink frogs
  An iron dragon simulacrum (Hell)
  5 boulder beetles
  8 hydra skeletons
  6 alligator zombies
  79 slime creatures
  27 bog bodies
  2 fire dragon zombies
  A guardian serpent skeleton (Crypt:1)
  82 flying skulls
  2 alligator skeletons
  3 fire dragon skeletons
  6 ettin skeletons
  11 spriggans
  2 stone giant simulacra
  9 air elementals
  48 yaks
  2 ice dragon skeletons (Pan)
  2 tarantellas
  3 black mamba zombies
  25 ynoxinuls
  20 redbacks
  A redback (shapeshifter) (Zig:13)
  44 wraiths
  A centaur simulacrum (D:12)
  24 water elementals
  2 vampires
  2 wyverns
  A human (shapeshifter) (Vaults:3)
  3 fire bats
  22 shadows
  4 basilisks
  A yak (shapeshifter) (Vaults:5)
  21 fire elementals
  3 hogs (D:13)
  A black mamba skeleton (Geh:6)
  7 golden eyes
  A hill giant skeleton (Crypt:2)
  16 humans
  7 hungry ghosts
  28 neqoxecs
  45 vampire mosquitoes
  A yaktaur simulacrum (Vaults:2)
  27 chaos spawn
  10 hippogriffs
  3 tengu zombies
  A faun zombie (Crypt:1)
  A mottled dragon (Vaults:2)
  A merfolk zombie (Dis:7)
  6 wargs
  4 spatial vortices (Abyss:4)
  54 nagas
  4 soldier ants (D:9)
  A swamp worm (shapeshifter) (Zig:5)
  31 swamp worms
  13 water moccasins
  18 insubstantial wisps
  A putrid demonspawn zombie (Dis:7)
  55 hell hounds
  10 hydra simulacra
  A water moccasin (shapeshifter) (Zig:18)
  4 giant eyeballs
  13 porcupines
  3 black bears
  35 small abominations
  A spiny frog zombie (Dis:2)
  A ghost crab zombie (Crypt:2)
  A merfolk skeleton (Hell)
  A slave (D:3)
  8 swamp drakes
  8 ice beasts
  5 sky beasts
  A gelid demonspawn skeleton (Coc:7)
  36 orc warriors
  24 eyes of draining
  3 spiny frog skeletons
  A fire dragon simulacrum (Abyss:2)
  10 phantoms
  4 swamp dragon zombies (Swamp:4)
  An eye of draining (shapeshifter) (Depths:2)
  A snapping turtle zombie (Crypt:3)
  A torpor snail zombie (Crypt:2)
  27 wasps
  9 necrophages
  19 wolves
  54 ogres
  13 boggarts
  36 centaurs
  3 manticore skeletons
  2 swamp dragon skeletons
  3 snapping turtle skeletons
  16 crocodiles
  10 big kobolds
  20 giant frogs
  3 earth elementals
  2 wyvern zombies
  A komodo dragon skeleton (Crypt:1)
  A glowing shapeshifter simulacrum (Vaults:5)
  A spiny frog simulacrum (Abyss:3)
  2 scorpions
  7 wyvern skeletons (Crypt:3)
  A hippogriff skeleton (Crypt:1)
  A troll skeleton (Crypt:2)
  11 killer bees
  49 wights
  2 howler monkeys (D:8)
  An electric eel (Lair:6)
  4 jellies
  4 quasits
  25 crimson imps
  3 giant frog zombies
  A giant frog skeleton (D:3)
  5 human zombies
  10 orc priests
  9 hounds
  7 iguanas
  19 orc wizards
  3 centaur skeletons
  2 human skeletons
  26 iron imps
  Jessica (D:7)
  A lightning spire (Zig:7)
  30 worker ants
  An ogre zombie (Dis:1)
  11 sheep
  An ogre skeleton (Geh:1)
  A naga zombie (Dis:7)
  A hound zombie (D:8)
  A dwarf skeleton (Crypt:2)
  30 mummies
  A worker ant zombie (D:5)
  15 adders
  62 river rats
  3 swamp drake zombies (Swamp:4)
  14 shadow imps
  A steam dragon skeleton (Crypt:1)
  8 white imps
  2 ufetubi
  4 oozes
  4 adder skeletons
  18 worms
  2 dart slugs
  4 giant geckos
  90 orcs
  6 bats
  10 giant cockroaches
  9 goblins
  8 hobgoblins
  12 jackals
  3 quokkas
  5 ball pythons
  A giant gecko zombie (D:5)
  4 giant newts
  A hobgoblin zombie (Crypt:2)
  33 kobolds
  A kobold skeleton (Dis:2)
  A kobold zombie (Tomb:1)
  2 quokka zombies
  9 rats
  18 briar patches (Zig:17)
  6 bushes (Zig:20)
  4 fire vortices
  2 fulminant prisms
  2 fungi
  8 lost souls
  A lurking horror (Abyss:4)
  9 plants
  12 starspawn tentacles
  5 withered plants (Crypt:3)
6051 creatures vanquished.

Vanquished Creatures (collateral kills)
  the Royal Jelly (Slime:6)
  3 starcursed masses
  An ancient lich (Tomb:3)
  A pandemonium lord (Zig:27)
  2 greater mummies
  A tentacled monstrosity (Zig:17)
  An Orb Guardian (Zot:5)
  A tentacled starspawn (Abyss:4)
  2 ancient champions
  2 acid blobs (Zig:19)
  An azure jelly (Zig:19)
  A frost giant (Coc:7)
  A vault warden (Zig:13)
  3 reapers
  A draconian annihilator (Zig:25)
  An apis (Pan)
  A black sun (Pan)
  A death ooze (Slime:6)
  A naga warrior (Zig:10)
  An ice dragon (Coc:7)
  A wretched star (Zig:22)
  3 soul eaters
  A shambling mangrove (Zig:24)
  2 storm dragon skeletons (Zig:15)
  4 large abominations
  An anaconda zombie (Geh:6)
  An orange crystal statue (Zig:15)
  An ugly thing (Zig:27)
  An oklob plant (Zig:11)
  A cyclops (shapeshifter) (Zig:13)
  A shock serpent zombie (Dis:2)
  A sixfirhy (Pan)
  A smoke demon (Pan)
  A dire elephant zombie (Geh:7)
  A spriggan skeleton (Zig:20)
  2 elf skeletons (Zig:26)
  2 anaconda simulacra (Coc:7)
  A silent spectre (Tar:7)
  A harpy zombie (Geh:3)
  A bog body (Coc:7)
  A snapping turtle (Zig:20)
  A hydra skeleton (Hell)
  An alligator zombie (Hell)
  An ice dragon zombie (Coc:7)
  A water elemental (Zig:16)
  A fire bat (Abyss:4)
  A neqoxec (Pan)
  A small abomination (Abyss:1)
  A giant eyeball (Pan)
  A swamp drake (Zig:18)
  An eye of draining (Zig:19)
  A wight (Geh:3)
  A mummy (Tomb:1)
  A shadow imp (Tar:7)
69 creatures vanquished.

Vanquished Creatures (others)
  Nikola (Swamp:3)
  A deep elf master archer (Elf:3)
  A tengu reaver (Zig:25)
  A storm dragon (Zot:5)
  A ghost moth (Zot:4)
  A deep elf elementalist (Vaults:5)
  A draconian knight (Zot:5)
  A stone giant (Vaults:4)
  A very ugly thing (Zig:27)
  A deep elf demonologist (Vaults:2)
  A red draconian (Zot:5)
  A green death (Zig:24)
  An ice dragon (Zot:5)
  2 hell hogs
  A deep elf knight (Vaults:3)
  21 death scarabs (Tomb:2)
  A death drake (Zig:24)
  A skeletal warrior (Tomb:2)
  A storm dragon skeleton (Tomb:2)
  A deep elf archer (Vaults:4)
  A putrid demonspawn (Pan)
  A deep elf mage (Elf:1)
  A wolf spider (Crypt:3)
  A moth of wrath (Zot:5)
  A titan simulacrum (Tomb:2)
  A smoke demon (Pan)
  A dire elephant skeleton (Geh:7)
  A hellion (Geh:7)
  2 guardian mummies (Tomb:2)
  A hydra zombie (Geh:5)
  A harpy skeleton (Geh:7)
  14 flying skulls (Tomb:2)
  An ice dragon skeleton (Geh:5)
  A vampire mosquito (Zig:18)
  A spatial vortex (Abyss:4)
  A large abomination (Abyss:4)
  A swamp drake (Zig:24)
  A centaur (Depths:4)
  A small abomination (Abyss:4)
  A human skeleton (Geh:7)
  4 mummies (Tomb:2)
  33 eldritch tentacle segments (Pan)
  997 fire vortices
  231 fulminant prisms
  23 fungi
  5 lost souls
  19 plants
  20 starspawn tentacles
  38 starspawn tentacle segments
  26 withered plants (Crypt:3)
1471 creatures vanquished.

Grand Total: 7591 creatures vanquished

Notes
Turn   | Place    | Note
--------------------------------------------------------------
     0 | D:1      | arn the Hill Orc Fire Elementalist began the quest for the Orb.
     0 | D:1      | Reached XP level 1. HP: 14/14 MP: 3/3
   182 | D:1      | Reached XP level 2. HP: 13/20 MP: 1/4
   487 | D:1      | Reached XP level 3. HP: 26/26 MP: 0/5
  1447 | D:2      | Found a shimmering altar of Xom.
  1450 | D:2      | Reached XP level 4. HP: 33/33 MP: 5/7
  2109 | D:3      | Reached skill level 1 in Shields
  2301 | D:3      | Reached XP level 5. HP: 38/38 MP: 6/8
  2346 | D:3      | Reached skill level 5 in Fire Magic
  2802 | D:4      | Found a shattered altar of Ashenzari.
  2883 | D:4      | Noticed a slave
  2884 | D:4      | Noticed an ogre
  2885 | D:4      | Noticed a slave
  2886 | D:4      | Noticed Pikel
  2887 | D:4      | Noticed a slave
  2891 | D:4      | Noticed a slave
  2950 | D:3      | Killed a slave
  3275 | D:3      | Learned a level 2 spell: Throw Flame
  3279 | D:3      | Learned a level 3 spell: Conjure Flame
  3319 | D:4      | Found Viliseat's Gadget Emporium.
  3524 | D:4      | Killed an ogre
  3524 | D:4      | Reached XP level 6. HP: 35/45 MP: 0/10
  3703 | D:5      | Entered Level 5 of the Dungeon
  3960 | D:4      | Killed Pikel
  3960 | D:4      | Reached XP level 7. HP: 50/50 MP: 1/12
  4003 | D:4      | Found a glowing silver altar of Zin.
  4260 | D:5      | Noticed a yak
  4260 | D:5      | Noticed a yak
  4260 | D:5      | Noticed a yak
  4261 | D:5      | Noticed a yak
  4281 | D:5      | Killed a yak
  4281 | D:5      | Reached XP level 8. HP: 57/57 MP: 3/13
  4291 | D:5      | Killed a yak
  4394 | D:5      | Noticed a yak
  4394 | D:5      | Killed a yak
  4402 | D:5      | Killed a yak
  4406 | D:5      | Killed a yak
  4625 | D:5      | Reached skill level 5 in Conjurations
  4625 | D:5      | Reached XP level 9. HP: 56/62 MP: 11/15
  4995 | D:5      | Gained mutation: You occasionally shout uncontrollably at your foes. [potion of mutation]
  4995 | D:5      | Gained mutation: You can translocate small distances at will. [potion of mutation]
  4995 | D:5      | Gained mutation: Your spells are a little easier to cast, but a little less powerful. [potion of mutation]
  5006 | D:5      | Gained mutation: You are agile. (Dex +2) [potion of mutation]
  5006 | D:5      | Lost mutation: Your spells are a little easier to cast, but a little less powerful. [potion of mutation]
  5333 | D:5      | Found a staircase to the Ecumenical Temple.
  5525 | Temple   | Entered the Ecumenical Temple
  5562 | Temple   | Became a worshipper of Vehumet
  5607 | D:6      | Found a basalt altar of Yredelemnul.
  5636 | D:6      | Found a sparkling altar of Nemelex Xobeh.
  5879 | D:6      | Found a glowing drain.
  5884 | Sewer    | Entered a sewer
  5915 | Sewer    | Reached skill level 10 in Fire Magic
  6135 | Sewer    | Reached * piety under Vehumet
  6135 | Sewer    | Offered knowledge of Shock by Vehumet.
  6196 | Sewer    | Reached skill level 5 in Spellcasting
  6577 | Sewer    | Learned a level 4 spell: Sticky Flame
  6579 | Sewer    | Learned a level 1 spell: Shock
  7066 | D:7      | Reached XP level 10. HP: 69/69 MP: 17/17
  7151 | D:7      | Offered knowledge of Sting by Vehumet.
  7164 | D:7      | Reached ** piety under Vehumet
  7846 | D:7      | Noticed Jessica
  7851 | D:7      | Killed Jessica
  7876 | D:7      | Found a deep blue altar of Sif Muna.
  8037 | D:8      | Offered knowledge of Mephitic Cloud by Vehumet.
  8325 | D:8      | Reached *** piety under Vehumet
  8837 | D:8      | Found a deep blue altar of Sif Muna.
  8924 | D:9      | Reached skill level 1 in Fighting
  9198 | D:9      | Offered knowledge of Fulminant Prism by Vehumet.
  9219 | D:9      | Learned a level 4 spell: Fulminant Prism
  9270 | D:9      | Found an opulent altar of Gozag.
  9271 | D:9      | Found a shadowy altar of Dithmenos.
  9302 | D:9      | Noticed Maurice
  9348 | D:9      | Reached XP level 11. HP: 33/84 MP: 4/18
  9372 | D:9      | Killed Maurice
  9372 | D:9      | Reached skill level 5 in Dodging
  9593 | D:9      | Reached skill level 5 in Fighting
  9636 | D:9      | Noticed a queen ant
  9663 | D:9      | Killed a queen ant
  9687 | D:9      | Reached **** piety under Vehumet
  9831 | D:9      | Found an iron altar of Okawaru.
 10004 | D:10     | Entered Level 10 of the Dungeon
 10008 | D:9      | Offered knowledge of Stone Arrow by Vehumet.
 10275 | D:10     | Noticed a hill giant
 10297 | D:10     | Killed a hill giant
 10647 | D:10     | Learned a level 3 spell: Stone Arrow
 10648 | D:11     | Noticed an eight-headed hydra
 10679 | D:11     | Found a staircase to the Lair.
 10727 | Lair:1   | Entered Level 1 of the Lair of Beasts
 10800 | Lair:1   | Reached skill level 1 in Earth Magic
 11354 | Lair:1   | Reached XP level 12. HP: 97/97 MP: 15/20
 11897 | Lair:2   | Found a labyrinth entrance.
 11938 | Lab      | Entered a labyrinth
 12074 | Lab      | Noticed a minotaur
 12082 | Lab      | Killed a minotaur
 12147 | Lab      | Got a fabulously ornate robe
 12159 | Lab      | Identified the cursed +0 robe of Sloth {rPois rCorr} (You found it in a labyrinth)
 12220 | Lair:2   | Noticed Fannar
 12358 | Lair:3   | Reached ***** piety under Vehumet
 12461 | Lair:3   | Offered knowledge of Iskenderun's Mystic Blast by Vehumet.
 13009 | Lair:4   | Reached skill level 5 in Earth Magic
 13467 | Lair:4   | Noticed Josephine
 13881 | Lair:4   | Killed Josephine
 14531 | Lair:4   | Got an ichor-stained long sword
 14532 | Lair:4   | Identified the +0 long sword of Domination {slice, rF+ Dex+4} (You found it on level 4 of the Lair of Beasts)
 14906 | Lair:5   | Reached XP level 13. HP: 96/104 MP: 20/24
 15018 | Lair:5   | Found a staircase to the Snake Pit.
 16078 | Lair:6   | Reached skill level 1 in Armour
 16764 | Lair:6   | Noticed archon2's ghost (journeyman GrFi)
 17364 | Lair:7   | Learned a level 5 spell: Fireball
 18369 | Lair:7   | Reached skill level 5 in Armour
 18423 | Lair:7   | Offered knowledge of Delayed Fireball by Vehumet.
 18664 | Lair:7   | Learned a level 7 spell: Delayed Fireball
 18791 | Lair:8   | Entered Level 8 of the Lair of Beasts
 18811 | Lair:8   | Reached XP level 14. HP: 115/115 MP: 20/26
 19224 | Lair:8   | Reached skill level 10 in Conjurations
 19818 | Lair:8   | Found a staircase to the Slime Pits.
 20004 | Lair:8   | Got a steaming long sword
 20005 | Lair:8   | Identified the +7 long sword of Pufonah {slice, rF- rN+ MR+ Dex+2} (You found it on level 8 of the Lair of Beasts)
 20584 | Lair:8   | Reached skill level 15 in Fire Magic
 20750 | Lair:8   | Got a brightly glowing granite ring
 20751 | Lair:8   | Identified the ring "Ysolos" {rC+ Dex+4} (You found it on level 8 of the Lair of Beasts)
 21192 | Lair:6   | Found a staircase to the Swamp.
 21431 | Lair:2   | Killed Fannar
 21665 | Lair:2   | You fall through a shaft for 2 floors!
 22031 | D:11     | Offered knowledge of Poison Arrow by Vehumet.
 22892 | D:11     | Reached XP level 15. HP: 121/121 MP: 27/27
 23258 | D:12     | Found a staircase to the Orcish Mines.
 23294 | Orc:1    | Entered Level 1 of the Orcish Mines
 23437 | Orc:2    | Entered Level 2 of the Orcish Mines
 23695 | Orc:2    | Found Wuokupef's Antique Weapon Shop.
 23961 | Orc:2    | Found Voomp's Book Emporium.
 24108 | Orc:2    | Found a staircase to the Elven Halls.
 24155 | Orc:2    | Found Plog's General Store.
 24163 | Orc:2    | Bought 3 scrolls of remove curse for 135 gold pieces
 24163 | Orc:2    | Bought a scroll of teleportation for 45 gold pieces
 24163 | Orc:2    | Bought 2 scrolls of teleportation for 90 gold pieces
 24238 | Orc:2    | Found Ruzusar's Magic Scroll Emporium.
 24246 | Orc:2    | Bought a scroll of blinking for 120 gold pieces
 24246 | Orc:2    | Bought a scroll of magic mapping for 56 gold pieces
 24246 | Orc:2    | Bought a scroll of magic mapping for 56 gold pieces
 24285 | Orc:2    | Noticed an orc warlord
 24582 | Orc:1    | Learned a level 3 spell: Inner Flame
 24664 | D:12     | Reached ****** piety under Vehumet
 25291 | D:13     | Offered knowledge of Orb of Destruction by Vehumet.
 25484 | D:13     | Lost mutation: You can translocate small distances at will. [potion of cure mutation]
 25484 | D:13     | Lost mutation: You are agile. (Dex +2) [potion of cure mutation]
 25484 | D:13     | Lost mutation: You occasionally shout uncontrollably at your foes. [potion of cure mutation]
 25596 | D:13     | Noticed Kirke
 25909 | D:13     | Noticed Rupert
 25923 | D:13     | Killed Rupert
 26064 | D:13     | Killed Kirke
 26314 | D:14     | Found a gate to the Vaults.
 26314 | D:14     | Noticed Donald
 26743 | D:14     | Killed Donald
 27461 | D:15     | Entered Level 15 of the Dungeon
 27506 | D:15     | Offered knowledge of Iron Shot by Vehumet.
 27636 | D:15     | Reached XP level 16. HP: 128/128 MP: 24/29
 28610 | D:15     | Reached skill level 10 in Dodging
 28695 | D:15     | Found a staircase to the Depths.
 29133 | Orc:2    | Found Joweol's Antique Armour Boutique.
 29134 | Orc:2    | Found a roughly hewn altar of Beogh.
 29275 | Orc:2    | Learned a level 6 spell: Iron Shot
 29291 | Orc:1    | Noticed Maud
 29301 | Orc:1    | Killed Maud
 29820 | Snake:1  | Entered Level 1 of the Snake Pit
 30175 | Snake:1  | Reached skill level 10 in Spellcasting
 30316 | Snake:1  | Found March's Magic Scroll Boutique.
 30323 | Snake:1  | Bought a scroll of acquirement for 572 gold pieces
 30324 | Snake:1  | Got a twisted crystal plate armour
 30325 | Snake:1  | Identified the +12 crystal plate armour "Tantyix" {-Cast rPois rC+++ Int+5} (You acquired it on level 1 of the Snake Pit)
 31251 | Snake:1  | Found Vaarpho Qim's General Store.
 31253 | Snake:1  | Bought a scroll of teleportation for 57 gold pieces
 31497 | Snake:1  | Offered knowledge of Spellforged Servitor by Vehumet.
 32060 | Snake:1  | Reached skill level 10 in Fighting
 32089 | Snake:1  | Upgraded the game from 0.19-a0-518-g626ee58 to 0.19-a0-529-g411dd88
 32454 | Snake:1  | Found Ruxim's Weapon Boutique.
 32632 | Snake:2  | Reached XP level 17. HP: 139/140 MP: 13/31
 33331 | Snake:2  | Found a shimmering altar of Xom.
 33884 | Snake:3  | Noticed Aizul
 34446 | Snake:3  | Noticed Agnes
 34593 | Snake:3  | Reached skill level 5 in Shields
 35165 | Snake:3  | Killed Agnes
 36623 | Snake:4  | Entered Level 4 of the Snake Pit
 36800 | Snake:4  | Reached skill level 10 in Earth Magic
 37195 | Swamp:1  | Entered Level 1 of the Swamp
 37306 | Swamp:1  | Upgraded the game from 0.19-a0-529-g411dd88 to 0.19-a0-569-g984bae3
 37343 | Swamp:1  | Offered knowledge of Ozocubu's Refrigeration by Vehumet.
 37675 | D:4      | Bought a wand of hasting (2/9) for 396 gold pieces
 37987 | Orc:2    | Bought a book of Fire for 1040 gold pieces
 37996 | Orc:2    | Learned a level 6 spell: Bolt of Fire
 38618 | Swamp:2  | Got a transparent dagger
 38619 | Swamp:2  | Identified the +10 dagger "Camuwivi" {freeze, *Corrode rPois rF+ Int+8} (You found it on level 2 of the Swamp)
 38886 | Swamp:2  | Identified the Reference Book on the Frostbite and Envenoming
 39428 | Swamp:2  | Reached XP level 18. HP: 149/151 MP: 28/32
 39509 | Swamp:3  | Noticed Nikola
 39518 | Swamp:3  | Killed Nikola
 40262 | Swamp:4  | Entered Level 4 of the Swamp
 40545 | Swamp:4  | Offered knowledge of Glaciate by Vehumet.
 40545 | Swamp:4  | Offered knowledge of Shatter by Vehumet.
 40545 | Swamp:4  | Offered knowledge of Chain Lightning by Vehumet.
 41485 | Swamp:4  | Noticed a bone dragon
 41509 | Swamp:3  | Killed a bone dragon
 41816 | Swamp:4  | Got a decaying rune of Zot
 41988 | Swamp:2  | Reached skill level 10 in Shields
 43983 | Snake:4  | Reached skill level 10 in Armour
 43983 | Snake:4  | Reached XP level 19. HP: 153/157 MP: 32/34
 44439 | Snake:4  | Got a serpentine rune of Zot
 44696 | Vaults:1 | Entered Level 1 of the Vaults
 45228 | Vaults:1 | Paralysed by an ogre mage for 7 turns
 46179 | Vaults:1 | Found Ver Urie's Antique Weapon Shop.
 46904 | Vaults:2 | Found Zereh's Gadget Boutique.
 47063 | Vaults:2 | Found Gappefig's Book Emporium.
 47098 | Vaults:2 | Found Zontysee's Antique Armour Shop.
 47101 | Vaults:2 | Bought a pair of glowing boots for 139 gold pieces
 47101 | Vaults:2 | Bought a glowing helmet for 139 gold pieces
 47554 | Vaults:2 | Reached XP level 20. HP: 149/166 MP: 36/36
 47695 | Vaults:2 | Found Vularoff's Assorted Antiques.
 47702 | Vaults:2 | Bought a small golden ring for 170 gold pieces
 49240 | Vaults:2 | Upgraded the game from 0.19-a0-569-g984bae3 to 0.19-a0-585-ge40200b
 49336 | Vaults:3 | Got a heavily runed plate armour
 49337 | Vaults:3 | Identified the +6 plate armour "Nehumemp" {-Tele rPois rF+ rN+++ MP-9} (You found it on level 3 of the Vaults)
 50461 | Vaults:3 | Found Zokhloghu's Antique Weapon Shoppe.
 50470 | Vaults:3 | Found a portal to a secret trove of treasure.
 50570 | Trove    | Entered a treasure trove
 50591 | Trove    | Reached XP level 21. HP: 178/178 MP: 38/38
 50619 | Trove    | Identified Sefuat's Reference Book on Fiery Venom
 50623 | Trove    | Identified the Tome of Weightlessness
 50632 | Trove    | Got a faintly glowing diamond amulet
 50634 | Trove    | Got a faintly glowing golden amulet
 50636 | Trove    | Got a slimy lead amulet
 50637 | Trove    | Identified the amulet "Kaliwn" {Gourm +Blink MR+} (You found it in a treasure trove)
 50638 | Trove    | Identified the amulet "Udduir" {Reflect +Blink Dex+7 SH+4} (You found it in a treasure trove)
 50639 | Trove    | Identified the amulet of the Tired Cities {Faith +Blink Str-2 Dex+2} (You found it in a treasure trove)
 50976 | Vaults:3 | Found a staircase to the Crypt.
 50976 | Vaults:3 | Found an ancient bone altar of Kikubaaqudgha.
 51198 | Vaults:3 | Found a basalt altar of Yredelemnul.
 51372 | Vaults:3 | Reached skill level 1 in Evocations
 52305 | Vaults:4 | Reached XP level 22. HP: 185/185 MP: 6/39
 52713 | Vaults:4 | Got a pitted pewter ring
 52714 | Vaults:4 | Identified the ring of Zeoda {rF++ Dex+3} (You took it off an ironbrand convoker on level 4 of the Vaults)
 53076 | Vaults:3 | Bought a crystal long sword for 391 gold pieces
 53076 | Vaults:3 | Identified the cursed +1 long sword of Ezuiqaum {drain, rC+ Str+4 Int-3 Dex+9} (You bought it in a shop on level 3 of the Vaults)
 53189 | Vaults:4 | Found Ysaqoaku's Jewellery Shop.
 54339 | Vaults:4 | Reached skill level 15 in Conjurations
 54354 | Vaults:4 | Reached skill level 5 in Evocations
 55237 | Vaults:5 | Entered Level 5 of the Vaults
 55745 | Vaults:2 | Got a translucent leather armour
 55746 | Vaults:2 | Identified the +1 leather armour "Paytzaxt" {+Blink Str+3 Slay-4} (You took it off a deep elf knight on level 2 of the Vaults)
 55935 | Elf:1    | Entered Level 1 of the Elven Halls
 55984 | Elf:1    | Noticed Frances
 55990 | Elf:1    | Killed Frances
 56212 | Elf:1    | Identified Vehumet's Handbook of Combat Magic
 56245 | Elf:1    | Reached XP level 23. HP: 162/192 MP: 35/40
 57001 | Elf:2    | Found a runed gate.
 57007 | Elf:2    | Found a runed gate.
 57067 | Elf:2    | Found a runed gate.
 57108 | Elf:2    | Noticed Roxanne
 57250 | Elf:2    | Killed Roxanne
 57254 | Elf:2    | Identified Roxanne's Collected Works on the Mountains (You took it off Roxanne on level 2 of the Elven Halls)
 58481 | Elf:3    | Entered Level 3 of the Elven Halls
 59082 | Elf:3    | Cast into level 3 of the Abyss (a deep elf sorcerer)
 59083 | Abyss:3  | Upgraded the game from 0.19-a0-585-ge40200b to 0.19-a0-594-g235f30c
 59440 | Elf:3    | Escaped the Abyss
 60709 | Elf:3    | Reached skill level 15 in Earth Magic
 60713 | Elf:3    | Reached skill level 15 in Fighting
 61136 | Elf:3    | Got a jewelled lajatang {slice}
 61137 | Elf:3    | Identified the cursed +1 lajatang "Vuzauf" {slice, *Corrode Fragile rF++ Int+3} (You took it off a deep elf sorcerer on level 3 of the Elven Halls)
 61385 | Elf:3    | Reached XP level 24. HP: 206/206 MP: 20/40
 61507 | Elf:3    | Got a coiled glass ring
 61529 | Elf:3    | Identified the Almanac of Battle Magic
 61531 | Elf:3    | Identified Zadoff's Compendium of Unholy Arts
 61535 | Elf:3    | Got a pair of heavily runed gloves
 61536 | Elf:3    | Identified the cursed +0 pair of gloves "Yssol" {Dex+3} (You found it on level 3 of the Elven Halls)
 61577 | Elf:3    | Got a pair of dazzling gloves
 61578 | Elf:3    | Identified the +2 pair of gloves of the Quahog {Int+2} (You found it on level 3 of the Elven Halls)
 61614 | Elf:3    | Got a faintly humming scale mail
 61615 | Elf:3    | Identified the cursed +0 scale mail of the Eight Songs {*Corrode rF++ Regen+ MP+9} (You found it on level 3 of the Elven Halls)
 61748 | Elf:3    | Identified the ring of Levity {*Corrode rN+ MR++ Dex+3 Stlth+} (You took it off a deep elf mage on level 3 of the Elven Halls)
 62359 | Vaults:5 | Noticed an ancient lich
 63281 | Vaults:4 | Killed an ancient lich
 64621 | Vaults:5 | Reached skill level 15 in Armour
 64753 | Vaults:5 | Identified Ameborph's Incunabulum of the Oath and Transmigration
 64763 | Vaults:5 | Got a silver rune of Zot
 65838 | Vaults:5 | Got a fine war axe {flame}
 65839 | Vaults:5 | Identified the +6 war axe of the Foremost Seas {flame, rElec rC+ Dex+4} (You took it off a tengu reaver on level 5 of the Vaults)
 65987 | Vaults:5 | Identified the Incunabulum of Quantum Confrontation (You found it on level 5 of the Vaults)
 68076 | Vaults:5 | Reached XP level 25. HP: 198/213 MP: 31/41
 68731 | Depths:1 | Entered Level 1 of the Depths
 68896 | Depths:1 | Found a runed door.
 69808 | Depths:1 | Noticed a juggernaut
 69812 | Depths:1 | Killed a juggernaut
 69943 | Depths:1 | Found a runed warning-scrawled door.
 70326 | Depths:1 | Found a runed door.
 70667 | Depths:1 | Got a pair of spiked boots
 70678 | Depths:1 | Identified the +2 pair of boots of Ripuh {*Confuse rC- MR+++ Slay+5} (You acquired it on level 1 of the Depths)
 70739 | Depths:1 | Got a bloodstained chain mail
 70740 | Depths:1 | Identified the +4 chain mail of Lagis Nun {MR+ Int+7 Dex+4} (You found it on level 1 of the Depths)
 71066 | Depths:1 | Found a gateway to Hell.
 71905 | Depths:2 | Noticed Asterion
 72690 | Depths:2 | Found a one-way gate to the infinite horrors of the Abyss.
 73715 | Depths:2 | Reached XP level 26. HP: 221/221 MP: 40/41
 73722 | Depths:2 | Reached skill level 15 in Spellcasting
 76025 | Depths:3 | Killed Asterion
 76640 | Depths:3 | Found a one-way gate leading to the halls of Pandemonium.
 76682 | Depths:3 | Found a shattered altar of Ashenzari.
 76881 | Depths:3 | Found a gateway to a ziggurat.
 77024 | Depths:3 | Found a corrupted altar of Lugonu.
 77348 | Depths:4 | Noticed a juggernaut
 77367 | Depths:4 | Killed a juggernaut
 78227 | Depths:4 | Reached XP level 27. HP: 222/227 MP: 12/43
 79108 | Depths:5 | Entered Level 5 of the Depths
 79170 | Depths:5 | Noticed Jorgrun
 79176 | Depths:5 | Killed Jorgrun
 80302 | Depths:5 | Found a gate to the Realm of Zot.
 81808 | Crypt:1  | Entered Level 1 of the Crypt
 82979 | Crypt:1  | Learned a level 9 spell: Shatter
 83711 | Crypt:2  | Learned a level 8 spell: Lehudib's Crystal Spear
 83723 | Crypt:2  | Learned a level 9 spell: Fire Storm
 84967 | Crypt:3  | Entered Level 3 of the Crypt
 85618 | Crypt:3  | Noticed Khufu
 85624 | Crypt:3  | Noticed a greater mummy
 85626 | Crypt:3  | Noticed a greater mummy
 85627 | Crypt:3  | Killed Khufu
 85632 | Crypt:3  | Found an ancient bone altar of Kikubaaqudgha.
 86881 | Crypt:3  | Noticed Xtahua
 86887 | Crypt:3  | Killed Xtahua
 87567 | Crypt:3  | Got a shimmering marble ring
 87568 | Crypt:3  | Identified the ring "Wiemel" {rF+ rN+ MR+ Int+4} (You took it off a necromancer on level 3 of the Crypt)
 87771 | Crypt:3  | Noticed an ancient lich
 87782 | Crypt:3  | Killed an ancient lich
 87829 | Crypt:3  | Got a wavering tin ring
 87829 | Crypt:3  | Got a vibrating lead ring
 87830 | Crypt:3  | Identified the ring of Besserif {*Drain rPois rN+ Dex+3 Stlth+} (You found it on level 3 of the Crypt)
 87831 | Crypt:3  | Identified the ring of Vomagu {+Blink rN+ Str+4} (You found it on level 3 of the Crypt)
 87850 | Crypt:3  | Got a shimmering robe
 87851 | Crypt:3  | Identified the +1 robe of Nauraj {rPois Regen+} (You found it on level 3 of the Crypt)
 87854 | Crypt:3  | Got a scorched chain mail
 87855 | Crypt:3  | Identified the +1 chain mail of the Crushed Spirits {rElec} (You found it on level 3 of the Crypt)
 88265 | Crypt:3  | Killed a greater mummy
 88629 | Crypt:3  | Found a staircase to the Tomb.
 88824 | Crypt:3  | Killed a greater mummy
 89158 | Crypt:3  | Upgraded the game from 0.19-a0-594-g235f30c to 0.19-a0-599-g723c685
 89234 | Tomb:1   | Entered Level 1 of the Tomb of the Ancients
 89400 | Tomb:1   | Got a scintillating glass ring
 89401 | Tomb:1   | Identified the ring of Wauxt {rF+ AC+2} (You found it on level 1 of the Tomb of the Ancients)
 89800 | Tomb:1   | Noticed a greater mummy
 89802 | Tomb:1   | Killed a greater mummy
 90015 | Tomb:1   | Noticed Mara
 90019 | Tomb:1   | Killed Mara
 90041 | Tomb:1   | Noticed a greater mummy
 90044 | Tomb:1   | Killed a greater mummy
 90282 | Tomb:1   | Noticed Jory
 90287 | Tomb:1   | Killed Jory
 90546 | Tomb:1   | Noticed a greater mummy
 90548 | Tomb:1   | Killed a greater mummy
 90550 | Tomb:1   | Noticed a greater mummy
 91045 | Tomb:1   | Noticed a greater mummy
 91045 | Tomb:1   | Noticed a greater mummy
 91046 | Tomb:1   | Noticed a greater mummy
 91047 | Tomb:1   | Killed a greater mummy
 91048 | Tomb:1   | Killed a greater mummy
 91049 | Tomb:1   | Noticed a greater mummy
 91049 | Tomb:1   | Noticed a greater mummy
 91050 | Tomb:1   | Killed a greater mummy
 91052 | Tomb:1   | Killed a greater mummy
 91052 | Tomb:1   | Noticed a greater mummy
 91052 | Tomb:1   | Killed a greater mummy
 91314 | Tomb:1   | Noticed a greater mummy
 91318 | Tomb:1   | Killed a greater mummy
 91371 | Tomb:1   | Killed a greater mummy
 91919 | Orc:1    | Learned a level 3 spell: Regeneration
 92004 | Elf:1    | Learned a level 2 spell: Sublimation of Blood
 92317 | Depths:5 | Reached skill level 1 in Necromancy
 92343 | Zot:1    | Entered Level 1 of the Realm of Zot
 92913 | Zot:1    | Reached skill level 5 in Necromancy
 96617 | Zot:3    | Upgraded the game from 0.19-a0-599-g723c685 to 0.19-a0-611-gb5a7e8d
 98079 | Zig:1    | Entered Level 1 of a ziggurat
 98108 | Zig:2    | Entered Level 2 of a ziggurat
 98369 | Zig:3    | Entered Level 3 of a ziggurat
 98418 | Zig:4    | Entered Level 4 of a ziggurat
 98546 | Zig:4    | Got a faintly glowing shield
 98547 | Zig:4    | Identified the +4 shield "Caisoxt" {Str+3} (You found it on level 4 of a ziggurat)
 98590 | Zig:5    | Entered Level 5 of a ziggurat
 98636 | Zig:6    | Entered Level 6 of a ziggurat
 98690 | Zig:6    | Got a citrine-encrusted scale mail
 98691 | Zig:6    | Identified the +3 scale mail of the Queen {rElec rF+} (You found it on level 6 of a ziggurat)
 98696 | Zig:6    | Got an ichor-stained scythe
 98697 | Zig:6    | Identified the +5 scythe of Conscience {flame, rElec MR+ Str+5} (You found it on level 6 of a ziggurat)
 98737 | Zig:7    | Entered Level 7 of a ziggurat
 98798 | Zig:8    | Entered Level 8 of a ziggurat
 98806 | Zig:8    | Noticed Paqunues the pandemonium lord
 98807 | Zig:8    | Killed Paqunues the pandemonium lord
 98847 | Zig:8    | Identified the Incunabulum of Moulding and the Compass
 98874 | Zig:8    | Learned a level 1 spell: Apportation
 98894 | Zig:9    | Entered Level 9 of a ziggurat
 98919 | Zig:9    | Got a faintly glowing scimitar
 98920 | Zig:9    | Identified the +5 scimitar "Cookie Cutter" {antimagic, rF+ Str+3} (You found it on level 9 of a ziggurat)
 98924 | Zig:9    | Identified a +0 pair of boots of running (You found it on level 9 of a ziggurat)
 98952 | Zig:9    | Got a clouded brass ring
 98954 | Zig:9    | Identified the ring of Redwukig {Fire rElec MP+9} (You found it on level 9 of a ziggurat)
 98976 | Zig:9    | Learned a level 6 spell: Haste
 98977 | Zig:9    | Got a shimmering battleaxe
 98978 | Zig:9    | Identified the +4 battleaxe of Dividends {flame, Int+7 Dex-3} (You found it on level 9 of a ziggurat)
 98992 | Zig:10   | Entered Level 10 of a ziggurat
 98999 | Zig:10   | Reached skill level 5 in Charms
 99036 | Zig:10   | Got an ichor-stained quarterstaff
 99037 | Zig:10   | Identified the +6 quarterstaff "Vobem" {crush, Str+4} (You found it on level 10 of a ziggurat)
 99046 | Zig:10   | Got an ancient morningstar
 99047 | Zig:10   | Identified the +2 morningstar of the Ecumenical Temple {freeze, *Noise MR+ Str+4 Int+2} (You found it on level 10 of a ziggurat)
 99052 | Zig:10   | Got a brightly glowing sapphire amulet
 99053 | Zig:10   | Identified the amulet of Rufusk Fuhe {Dismiss rPois rC- Str+5} (You found it on level 10 of a ziggurat)
 99061 | Zig:10   | Got a pair of polished boots
 99062 | Zig:10   | Identified the +2 pair of boots of the Arcane {*Contam rPois Int+7} (You found it on level 10 of a ziggurat)
 99088 | Zig:11   | Entered Level 11 of a ziggurat
 99096 | Zig:11   | Noticed an ancient lich
 99099 | Zig:11   | Killed an ancient lich
 99124 | Zig:11   | Got a transparent glaive
 99125 | Zig:11   | Identified the +9 glaive of Fedhas's Hatred {chop, Str+4} (You found it on level 11 of a ziggurat)
 99128 | Zig:11   | Identified the Collected Works on Enthralling Creation
 99137 | Zig:11   | Got a slimy leather armour
 99138 | Zig:11   | Identified the +0 leather armour of the Valley {rElec Str+2} (You found it on level 11 of a ziggurat)
 99158 | Zig:12   | Entered Level 12 of a ziggurat
 99200 | Zig:12   | Got a transparent trident
 99201 | Zig:12   | Identified the +11 trident of Wuphyble {pierce, rN+ Str+5} (You found it on level 12 of a ziggurat)
 99207 | Zig:12   | Got a steaming plate armour
 99208 | Zig:12   | Identified the +10 plate armour of Peoklyte {Dex+2} (You found it on level 12 of a ziggurat)
 99243 | Zig:13   | Entered Level 13 of a ziggurat
 99285 | Zig:13   | Got an ichor-stained flail
 99286 | Zig:13   | Identified the +6 flail of Dishonesty {crush, Str+4} (You found it on level 13 of a ziggurat)
 99294 | Zig:13   | Got a twitching steel ring
 99295 | Zig:13   | Identified the ring "Yqam" {+Inv rElec Str+3 Int+2 SInv} (You found it on level 13 of a ziggurat)
 99301 | Zig:13   | Got a translucent wooden ring
 99302 | Zig:13   | Identified the ring of Kuopozuff {rPois rF+ MR+ Str+4 Int-3} (You found it on level 13 of a ziggurat)
 99345 | Zig:14   | Entered Level 14 of a ziggurat
 99411 | Zig:14   | Identified the Reference Book on Dusty Poison (You found it on level 14 of a ziggurat)
 99442 | Zig:15   | Entered Level 15 of a ziggurat
 99450 | Zig:15   | Reached skill level 10 in Charms
 99566 | Zig:15   | Identified the Disquisition on Spatial Slavery
 99587 | Zig:16   | Entered Level 16 of a ziggurat
 99779 | Zig:17   | Entered Level 17 of a ziggurat
 99879 | Zig:17   | Identified Irijeeth's Guide on Dark Rituals and the Blaze
 99920 | Zig:17   | Got a scorched wooden ring
 99923 | Zig:17   | Identified the ring "Jeliam" {rF+ Int+3} (You found it on level 17 of a ziggurat)
 99924 | Zig:17   | Identified the ring of Ofefus {rF+ MR+} (You found it on level 17 of a ziggurat)
100033 | Zig:18   | Entered Level 18 of a ziggurat
100436 | Zig:18   | Got a dazzling long sword
100437 | Zig:18   | Identified the cursed +1 long sword of Premature Burial {freeze, *Rage Str+7} (You found it on level 18 of a ziggurat)
100448 | Zig:18   | Upgraded the game from 0.19-a0-611-gb5a7e8d to 0.19-a0-630-g098d46c
100469 | Zig:18   | Learned a level 2 spell: Repel Missiles
100502 | Zig:19   | Entered Level 19 of a ziggurat
100606 | Zig:19   | Identified the Handbook of Fire and Transmigration
100613 | Zig:19   | Identified a +3 rod of ignition (10/10) (You found it on level 19 of a ziggurat)
100617 | Zig:19   | Got a transparent plate armour
100618 | Zig:19   | Identified the +2 plate armour "Kextey" {rF+ Str+4} (You found it on level 19 of a ziggurat)
100666 | Zig:20   | Entered Level 20 of a ziggurat
100742 | Depths:3 | Gained mutation: Your magical capacity is low. (-10% MP) [mutagenic glow]
100757 | Depths:3 | Lost mutation: Your magical capacity is low. (-10% MP) [potion of cure mutation]
100790 | Depths:3 | Gained mutation: You are weak. (Str -2) [mutagenic glow]
101454 | Tomb:1   | Noticed a greater mummy
101457 | Tomb:1   | Killed a greater mummy
101471 | Tomb:1   | Noticed a greater mummy
101475 | Tomb:1   | Killed a greater mummy
101514 | Tomb:1   | Noticed a greater mummy
101519 | Tomb:1   | Killed a greater mummy
101519 | Tomb:1   | Reached skill level 5 in Stealth
101541 | Tomb:1   | Noticed a greater mummy
101543 | Tomb:1   | Killed a greater mummy
101543 | Tomb:1   | Killed a greater mummy
101547 | Tomb:1   | Noticed a greater mummy
101632 | Tomb:1   | Killed a greater mummy
101779 | Tomb:1   | Noticed a greater mummy
101783 | Tomb:1   | Killed a greater mummy
101789 | Tomb:1   | Noticed a greater mummy
101791 | Tomb:1   | Killed a greater mummy
102037 | Tomb:3   | Entered Level 3 of the Tomb of the Ancients
102182 | Tomb:3   | Noticed a greater mummy
102186 | Tomb:3   | Noticed a greater mummy
102186 | Tomb:3   | Noticed a greater mummy
102283 | Tomb:3   | Noticed a greater mummy
102285 | Tomb:3   | Killed a greater mummy
102286 | Tomb:3   | Killed a greater mummy
102286 | Tomb:3   | Killed a greater mummy
102286 | Tomb:3   | Reached skill level 10 in Stealth
102287 | Tomb:3   | Killed a greater mummy
102289 | Tomb:3   | Noticed a greater mummy
102289 | Tomb:3   | Noticed an ancient lich
102289 | Tomb:3   | Noticed a greater mummy
102290 | Tomb:3   | Noticed a greater mummy
102290 | Tomb:3   | Killed an ancient lich
102396 | Tomb:3   | Killed a greater mummy
102397 | Tomb:3   | Killed a greater mummy
102397 | Tomb:3   | Killed a greater mummy
102501 | Tomb:3   | Noticed a greater mummy
102508 | Tomb:3   | Killed a greater mummy
102536 | Tomb:3   | Got an ivory great sword {slice}
102537 | Tomb:3   | Identified the +11 great sword of Girocol {slice, +Inv Stlth+} (You took it off a guardian mummy on level 3 of the Tomb of the Ancients)
102553 | Tomb:3   | Identified a +4 rod of ignition (11/11) (You found it on level 3 of the Tomb of the Ancients)
102597 | Tomb:3   | Got a pitted lead amulet
102598 | Tomb:3   | Identified the amulet "Soamuimm" {Dismiss rElec rF+ Str-3 Dex+6} (You found it on level 3 of the Tomb of the Ancients)
102621 | Tomb:3   | Got a scintillating pewter ring
102622 | Tomb:3   | Identified the ring of Pewi {+Inv rN+ AC+4 Dex-5 Slay+2} (You found it on level 3 of the Tomb of the Ancients)
102638 | Tomb:3   | Got a scorched lapis lazuli ring
102639 | Tomb:3   | Identified the ring of Eteoless {rC+ Stlth+} (You found it on level 3 of the Tomb of the Ancients)
102920 | Tomb:3   | Got a golden rune of Zot
103038 | Zig:1    | Entered Level 1 of a ziggurat
103058 | Zig:2    | Entered Level 2 of a ziggurat
103079 | Zig:2    | Identified Sif Muna's Handbook of Ashen Protection
103087 | Zig:3    | Entered Level 3 of a ziggurat
103090 | Zig:3    | Noticed Emoax the pandemonium lord
103102 | Zig:3    | Killed Emoax the pandemonium lord
103117 | Zig:3    | Identified the Handbook of Talismans and the Entourage
103256 | Zig:4    | Entered Level 4 of a ziggurat
103304 | Zig:5    | Entered Level 5 of a ziggurat
103372 | Zig:6    | Entered Level 6 of a ziggurat
103405 | Zig:6    | Got a shimmering amber ring
103406 | Zig:6    | Identified the ring "Lykoclek" {*Drain +Blink +Fly rPois Str+2} (You found it on level 6 of a ziggurat)
103414 | Zig:6    | Got an iridescent mace
103415 | Zig:6    | Identified the +3 mace "Usyewouhost" {drain, Str+4} (You found it on level 6 of a ziggurat)
103497 | Zig:7    | Entered Level 7 of a ziggurat
103561 | Zig:8    | Entered Level 8 of a ziggurat
103571 | Zig:8    | Reached skill level 27 in Fire Magic
103630 | Zig:9    | Entered Level 9 of a ziggurat
103699 | Zig:10   | Entered Level 10 of a ziggurat
103706 | Zig:10   | Reached skill level 27 in Earth Magic
103735 | Zig:10   | Got a bound bronze ring
103736 | Zig:10   | Identified the ring of Neatzamo {rF+ EV+3 Int+3} (You found it on level 10 of a ziggurat)
103743 | Zig:10   | Got a translucent wooden ring
103744 | Zig:10   | Identified the ring "Nyiczae" {Str+5 Int+3} (You found it on level 10 of a ziggurat)
103785 | Zig:11   | Entered Level 11 of a ziggurat
103839 | Zig:11   | Got an ancient tin ring
103840 | Zig:11   | Identified the ring of Amorality {rF+ Int+2 Stlth+} (You found it on level 11 of a ziggurat)
103857 | Zig:11   | Got a scorched large shield
103858 | Zig:11   | Identified the cursed +0 large shield "Hemasus" {rN+ Str-5 Int+5} (You took it off a daeva on level 11 of a ziggurat)
103874 | Zig:12   | Entered Level 12 of a ziggurat
103874 | Zig:12   | Noticed Hellonello's ghost (legendary OgGl)
103895 | Zig:12   | Killed Hellonello's ghost
103950 | Zig:12   | Gained mutation: Your spells are a little easier to cast, but a little less powerful. [mutagenic glow]
103974 | Zig:12   | Identified Sif Muna's Almanac of Twisted Confrontation
104002 | Zig:12   | Got an encrusted short sword
104003 | Zig:12   | Identified the +6 short sword "Daot" {freeze, rElec rN+} (You found it on level 12 of a ziggurat)
104054 | Zig:13   | Entered Level 13 of a ziggurat
104100 | Zig:13   | Lost mutation: You are weak. (Str -2) [potion of cure mutation]
104100 | Zig:13   | Lost mutation: Your spells are a little easier to cast, but a little less powerful. [potion of cure mutation]
104101 | Zig:13   | Gained mutation: You have a pair of small horns on your head. [potion of beneficial mutation]
104130 | Zig:13   | Got a brightly glowing hand axe
104131 | Zig:13   | Identified the +1 hand axe of Fate {holy, +Blink rElec Str+7 Dex-3} (You found it on level 13 of a ziggurat)
104144 | Zig:14   | Entered Level 14 of a ziggurat
104163 | Zig:14   | Noticed Jongat the pandemonium lord
104165 | Zig:14   | Killed Jongat the pandemonium lord
104173 | Zig:14   | Gained mutation: You tend to lose your temper in combat. [a neqoxec]
104219 | Zig:14   | Identified the Tome of Assistive Earth
104231 | Zig:14   | Got a translucent brass ring
104232 | Zig:14   | Identified the ring of Adakylle {rF+ EV+3} (You found it on level 14 of a ziggurat)
104246 | Zig:14   | Got a smoking falchion
104247 | Zig:14   | Identified the +7 falchion of Righteous Fury {slice, rElec rC+} (You found it on level 14 of a ziggurat)
104280 | Zig:15   | Entered Level 15 of a ziggurat
104295 | Zig:15   | Noticed an ancient lich
104295 | Zig:15   | Noticed an ancient lich
104298 | Zig:15   | Killed an ancient lich
104298 | Zig:15   | Killed an ancient lich
104302 | Zig:15   | Killed an ancient lich
104341 | Zig:15   | Got a twitching steel ring
104342 | Zig:15   | Identified the ring of Fixation {rF++ AC+1} (You found it on level 15 of a ziggurat)
104345 | Zig:15   | Got a transparent bone ring
104376 | Zig:15   | Got a brightly glowing pearl dragon armour
104377 | Zig:15   | Identified the +3 pearl dragon armour of Levity {rPois rN+} (You found it on level 15 of a ziggurat)
104378 | Zig:15   | Identified the cursed ring of Niaheryp {rElec Str-3} (You found it on level 15 of a ziggurat)
104383 | Zig:16   | Entered Level 16 of a ziggurat
104464 | Zig:16   | Identified Sif Muna's Almanac of Shifting Malediction
104496 | Zig:16   | Gained mutation: You expend magic power (3 MP) to strengthen your wands. [mutagenic glow]
104691 | Zig:17   | Entered Level 17 of a ziggurat
104699 | Zig:17   | Noticed an ancient lich
104705 | Zig:17   | Killed an ancient lich
104771 | Zig:17   | Lost mutation: You have a pair of small horns on your head. [potion of cure mutation]
104771 | Zig:17   | Lost mutation: You expend magic power (3 MP) to strengthen your wands. [potion of cure mutation]
104771 | Zig:17   | Lost mutation: You tend to lose your temper in combat. [potion of cure mutation]
104795 | Zig:17   | Identified the Reference Book on the Vitriolic Rocks
104920 | Zig:18   | Entered Level 18 of a ziggurat
104934 | Zig:18   | Noticed an ancient lich
104936 | Zig:18   | Reached skill level 15 in Dodging
104942 | Zig:18   | Killed an ancient lich
104968 | Zig:18   | Gained mutation: You are dopey. (Int -2) [mutagenic glow]
105004 | Zig:18   | Lost mutation: You are dopey. (Int -2) [potion of cure mutation]
105010 | Zig:18   | Identified the Volume of the Venomous Entourage
105013 | Zig:18   | Got a sparkling pewter ring
105015 | Zig:18   | Identified the ring "Fuguro Remp" {rCorr Slay+3} (You found it on level 18 of a ziggurat)
105018 | Zig:18   | Identified Nyakk's Grimoire of Poison and Good Luck
105060 | Zig:18   | Got a pearl-encrusted scale mail
105061 | Zig:18   | Identified the +1 scale mail "Yseage" {rElec Int+4 Stlth+} (You found it on level 18 of a ziggurat)
105067 | Zig:18   | Got an iridescent dagger
105068 | Zig:18   | Identified the +4 dagger "Bicounia" {venom, *Drain Str+2 Dex+3} (You found it on level 18 of a ziggurat)
105212 | Zig:19   | Entered Level 19 of a ziggurat
105277 | Zig:19   | Got a bound bronze ring
105278 | Zig:19   | Identified the ring "Coinaoji" {+Fly rElec} (You found it on level 19 of a ziggurat)
105289 | Zig:19   | Identified the Catalogue of Noxious Enchantment
105368 | Zig:20   | Entered Level 20 of a ziggurat
105457 | Zig:20   | Identified the Grimoire of Evil Secrets
105460 | Zig:20   | Got a translucent bone ring
105461 | Zig:20   | Identified the ring of Dutazaif {*Tele Dex+3} (You found it on level 20 of a ziggurat)
105468 | Zig:20   | Identified the Collected Works on the Floating Entourage
105499 | Zig:20   | Got an iridescent dagger
105500 | Zig:20   | Identified the cursed +3 dagger "Beast's Foe" {venom, rElec rPois rC- SInv} (You found it on level 20 of a ziggurat)
105526 | Zig:21   | Entered Level 21 of a ziggurat
105623 | Zig:21   | Got a fine mace
105624 | Zig:21   | Identified the +7 mace of Yredelemnul {venom, +Fly rF+++ Str+4 Int-2} (You found it on level 21 of a ziggurat)
105628 | Zig:21   | Got a pitted eveningstar
105629 | Zig:21   | Identified the cursed +0 eveningstar of Goruzups {distort, rElec Str+4} (You found it on level 21 of a ziggurat)
105764 | Zig:22   | Entered Level 22 of a ziggurat
105783 | Zig:22   | Noticed an ancient lich
105784 | Zig:22   | Killed an ancient lich
105825 | Zig:22   | Got a pitted lapis lazuli ring
105826 | Zig:22   | Identified the ring of False Pretenses {*Tele SInv} (You found it on level 22 of a ziggurat)
105829 | Zig:22   | Got a warped scimitar
105830 | Zig:22   | Identified the +7 scimitar "Lich" {vamp, rN+ MR+} (You found it on level 22 of a ziggurat)
105842 | Zig:22   | Identified the Collected Works on Nocuous Transmigration (You found it on level 22 of a ziggurat)
105861 | Zig:22   | Got a shimmering iron ring
105863 | Zig:22   | Identified the ring "Jecsuwk" {rC+ Str+5} (You found it on level 22 of a ziggurat)
105911 | Zig:23   | Entered Level 23 of a ziggurat
105996 | Zig:23   | Got a scintillating glass ring
105997 | Zig:23   | Identified the ring "Xenut" {rPois rC+ rN+ SInv Stlth-} (You found it on level 23 of a ziggurat)
106009 | Zig:23   | Got a scorched bone ring
106010 | Zig:23   | Identified the ring "Buskemul" {*Corrode rN+ Int+4 Stlth+} (You found it on level 23 of a ziggurat)
106153 | Zig:24   | Entered Level 24 of a ziggurat
106319 | Zig:24   | Identified The Intricacies of Theurgy
106323 | Zig:24   | Identified the Papyrus of Calling and Earth
106326 | Zig:24   | Got an ivory mace
106327 | Zig:24   | Identified the cursed +0 mace of Jopseon {crush, Fragile rElec Int+5} (You found it on level 24 of a ziggurat)
106333 | Zig:24   | Got a clouded gossamer ring
106334 | Zig:24   | Identified the ring "Otaimefe" {rC+ Slay+2 SInv} (You found it on level 24 of a ziggurat)
106336 | Zig:24   | Got a clouded jade ring
106337 | Zig:24   | Identified the ring of Zabempur {Wiz MR+ MP-9 Int+7} (You found it on level 24 of a ziggurat)
106349 | Zig:24   | Got a pair of polished gloves
106362 | Zig:24   | Identified the +1 pair of gloves "Lugu" {Str+3 Slay-2} (You found it on level 24 of a ziggurat)
106402 | Zig:25   | Entered Level 25 of a ziggurat
106414 | Zig:25   | Noticed an ancient lich
106419 | Zig:25   | Killed an ancient lich
106495 | Zig:25   | Got a transparent scimitar
106496 | Zig:25   | Identified the +9 scimitar "Gram" {slice, Int+5} (You found it on level 25 of a ziggurat)
106559 | Zig:26   | Entered Level 26 of a ziggurat
106648 | Zig:26   | Got a pair of slimy gloves
106659 | Zig:26   | Identified the +2 pair of gloves of the City {rF- rN++ Slay+2} (You found it on level 26 of a ziggurat)
106686 | Zig:26   | Got a smoking rapier
106687 | Zig:26   | Identified the cursed +1 rapier of the Magi {pierce, Fragile rElec rPois Int+8} (You found it on level 26 of a ziggurat)
106728 | Zig:27   | Entered Level 27 of a ziggurat
106736 | Zig:27   | Noticed Vuyst the pandemonium lord
106738 | Zig:27   | Noticed Naneh the pandemonium lord
106739 | Zig:27   | Killed Naneh the pandemonium lord
106741 | Zig:27   | Noticed Passofoss the pandemonium lord
106743 | Zig:27   | Noticed Paleg the pandemonium lord
106743 | Zig:27   | Noticed Oxkuaj the pandemonium lord
106743 | Zig:27   | Noticed Moclaesch the pandemonium lord
106743 | Zig:27   | Noticed Yfrastul the pandemonium lord
106743 | Zig:27   | Noticed Joseod the pandemonium lord
106743 | Zig:27   | Noticed Xyicrat the pandemonium lord
106743 | Zig:27   | Noticed Nebeb the pandemonium lord
106745 | Zig:27   | Noticed Caingur the pandemonium lord
106745 | Zig:27   | Noticed Diudgh the pandemonium lord
106943 | Tomb:1   | Noticed a greater mummy
106947 | Tomb:1   | Killed a greater mummy
107424 | Slime:1  | Entered Level 1 of the Pits of Slime
107474 | Slime:6  | Entered Level 6 of the Pits of Slime
107503 | Slime:6  | Noticed the Royal Jelly
107506 | Slime:6  | Killed the Royal Jelly
107643 | Slime:6  | Got a slimy rune of Zot
107747 | Slime:6  | Got a spiked helmet
107748 | Slime:6  | Identified the +3 helmet "Vylumaunk" {Dex+4} (You found it on level 6 of the Pits of Slime)
108163 | Pan      | Entered Pandemonium
108254 | Pan      | Found an exit through the horrors of the Abyss.
108503 | Pan      | Got a faintly glowing hand axe
108623 | Pan      | Noticed Jounes the pandemonium lord
108641 | Pan      | Killed Jounes the pandemonium lord
108740 | Pan      | Found an exit through the horrors of the Abyss.
108887 | Pan      | Found a runed door.
108896 | Pan      | Found a runed door.
108897 | Pan      | Found a runed door.
108899 | Pan      | Noticed Wakol the pandemonium lord
108905 | Pan      | Killed Wakol the pandemonium lord
108944 | Pan      | Found a runed door.
108970 | Pan      | Found an exit through the horrors of the Abyss.
109122 | Pan      | Found an ancient bone altar of Kikubaaqudgha.
109152 | Pan      | Noticed Batun the pandemonium lord
109154 | Pan      | Killed Batun the pandemonium lord
109568 | Pan      | Noticed a seraph
109569 | Pan      | Killed a seraph
109659 | Pan      | Found a glowing golden altar of the Shining One.
109665 | Pan      | Got a fine emerald amulet
109666 | Pan      | Identified the amulet of Etor {Regen+ Int+2 Dex+3} (You took it off a seraph in Pandemonium)
109683 | Pan      | Got a demonic rune of Zot
109686 | Pan      | Identified Ujizunij's Volume of the Frigorific Traveller
109940 | Pan      | Found a glowing silver altar of Zin.
110327 | Pan      | Entered the realm of Lom Lobon.
110327 | Pan      | Found an exit through the horrors of the Abyss.
110469 | Pan      | Noticed Lom Lobon
110477 | Pan      | Killed Lom Lobon
110562 | Pan      | Got a magical rune of Zot
110714 | Pan      | Entered the realm of Cerebov.
110816 | Pan      | Noticed Mennas
110825 | Pan      | Killed Mennas
111152 | Pan      | Noticed Cerebov
111167 | Pan      | Killed Cerebov
111328 | Pan      | Identified Sif Muna's Collected Works on the Fetching Arsonist
111353 | Pan      | Got a fiery rune of Zot
111463 | Pan      | Identified the Disquisition on Damaging Lightness
111470 | Pan      | Got a blackened whip
111537 | Pan      | Got an ancient ruby amulet
111538 | Pan      | Identified the amulet of Free Expression {Dismiss +Blink rPois rN++ Str-3} (You found it in Pandemonium)
111661 | Pan      | Entered the realm of Mnoleg.
111823 | Pan      | Noticed Mnoleg
111831 | Pan      | Killed Mnoleg
111869 | Pan      | Identified Sif Muna's Disquisition on the Entourage
111893 | Pan      | Got a glowing rune of Zot
111916 | Pan      | Got a jewelled long sword
111917 | Pan      | Identified the +2 long sword of Yredelemnul's Anger {elec, Fragile rN+++ Str+5} (You found it in Pandemonium)
112078 | Pan      | Noticed Noygaon the pandemonium lord
112081 | Pan      | Killed Noygaon the pandemonium lord
112100 | Pan      | Got a distressingly furry helmet
112216 | Pan      | Identified the +2 helmet of Rus Hytipt {Str+4} (You found it in Pandemonium)
112322 | Pan      | Found a runed door.
112363 | Pan      | Found an exit through the horrors of the Abyss.
112540 | Pan      | Noticed Diamuth the pandemonium lord
112619 | Pan      | Found an exit through the horrors of the Abyss.
112652 | Pan      | Noticed Ybba the pandemonium lord
112873 | Pan      | Noticed Fuadophe the pandemonium lord
113014 | Pan      | Found an exit through the horrors of the Abyss.
113090 | Pan      | Noticed Ignacio
113096 | Pan      | Killed Ignacio
113235 | Pan      | Noticed Coiso the pandemonium lord
113431 | Pan      | Found an exit through the horrors of the Abyss.
113661 | Pan      | Noticed Vofroheg the pandemonium lord
113905 | Pan      | Entered the realm of Gloorx Vloq.
113905 | Pan      | Noticed Gloorx Vloq
113915 | Pan      | Killed Gloorx Vloq
114223 | Pan      | Got a dark rune of Zot
114267 | Pan      | Upgraded the game from 0.19-a0-630-g098d46c to 0.19-a0-645-gfd18b6f
114595 | Pan      | Found an exit through the horrors of the Abyss.
114600 | Pan      | Took an exit into the Abyss.
114600 | Abyss:1  | Escaped into the Abyss
114794 | Abyss:1  | Noticed an ancient lich
114795 | Abyss:1  | Killed an ancient lich
114795 | Abyss:1  | Reached skill level 27 in Fighting
114864 | Abyss:1  | Found an iron altar of Okawaru.
115056 | Abyss:2  | Found a sparkling altar of Nemelex Xobeh.
116057 | Abyss:4  | Got a bloodstained cloak
116058 | Abyss:4  | Identified the +1 cloak of Sorcery {rC+ Slay+2} (You found it on level 4 of the Abyss)
116106 | Abyss:4  | Found a bloodstained altar of Trog.
116242 | Abyss:4  | Got an abyssal rune of Zot
116575 | Abyss:4  | Noticed an ancient lich
116578 | Abyss:4  | Killed an ancient lich
116582 | Abyss:5  | Entered Level 5 of the Abyss
116667 | Depths:3 | Escaped the Abyss
116723 | Hell     | Entered the Vestibule of Hell
116723 | Hell     | Noticed Geryon
116729 | Hell     | Killed Geryon
116891 | Hell     | Found a gateway to the Iron City of Dis.
116899 | Hell     | Upgraded the game from 0.19-a0-645-gfd18b6f to 0.19-a0-664-g51fd293
116911 | Dis:1    | Entered Level 1 of the Iron City of Dis
117797 | Dis:7    | Entered Level 7 of the Iron City of Dis
117976 | Dis:7    | Gained mutation: Your spells are a little easier to cast, but a little less powerful. [a cacodemon]
117982 | Dis:7    | Lost mutation: Your spells are a little easier to cast, but a little less powerful. [potion of cure mutation]
117988 | Dis:7    | Noticed Dispater
118083 | Dis:7    | Killed Dispater
118084 | Dis:7    | Reached skill level 15 in Shields
118110 | Dis:7    | Got an iron rune of Zot
118395 | Hell     | Found a gateway to the ashen valley of Gehenna.
118428 | Hell     | Found a gateway to the decaying netherworld of Tartarus.
118499 | Tar:1    | Entered Level 1 of Tartarus
118775 | Tar:7    | Entered Level 7 of Tartarus
118815 | Tar:7    | Noticed Ereshkigal
118818 | Tar:7    | Killed Ereshkigal
118825 | Tar:7    | Got a bone rune of Zot
118929 | Tar:7    | Identified the Catalogue of the Rocks and Flames (You found it on level 7 of Tartarus)
118967 | Tar:7    | Got a ring of the Octopus King
118969 | Tar:7    | Identified a ring of the Octopus King {rF+ AC+1 EV+1 Str+1 Int+1 Dex+1} (You found it on level 7 of Tartarus)
118979 | Tar:7    | Got a bloodstained pearl dragon armour
118980 | Tar:7    | Identified the cursed +0 pearl dragon armour "Lici Uly" {rF+ rN+ rCorr Slay+2} (You found it on level 7 of Tartarus)
118982 | Tar:7    | Got a coiled emerald amulet
118984 | Tar:7    | Identified the amulet of Lies {*Drain +Rage rElec Slay+2} (You found it on level 7 of Tartarus)
119421 | Tar:7    | Got a transparent broad axe
119422 | Tar:7    | Identified the +5 broad axe of the Shallot {drain, MP+9 Str+4 Dex-5} (You found it on level 7 of Tartarus)
119556 | Hell     | Found a gateway to the freezing wastes of Cocytus.
119613 | Coc:1    | Entered Level 1 of Cocytus
119827 | Coc:7    | Entered Level 7 of Cocytus
120082 | Coc:7    | Upgraded the game from 0.19-a0-664-g51fd293 to 0.19-a0-678-ge7aab0b
120411 | Coc:7    | Noticed Antaeus
120420 | Coc:7    | Killed Antaeus
120461 | Coc:7    | Got an icy rune of Zot
120557 | Geh:1    | Entered Level 1 of Gehenna
121095 | Geh:7    | Entered Level 7 of Gehenna
121145 | Geh:7    | Noticed the Serpent of Hell
121434 | Geh:7    | Killed the Serpent of Hell
121934 | Geh:7    | Noticed Asmodeus
121947 | Geh:7    | Killed Asmodeus
121955 | Geh:7    | Got an obsidian rune of Zot
121960 | Geh:7    | Got a brightly glowing quicksilver dragon armour
121961 | Geh:7    | Identified the cursed quicksilver dragon armour "Ahecw" {rElec rF+++ MR+ MP-9 SInv} (You took it off Asmodeus on level 7 of Gehenna)
122372 | Zot:5    | Entered Level 5 of the Realm of Zot
122424 | Zot:5    | Noticed an orb of fire
122568 | Zot:5    | Noticed an ancient lich
122570 | Zot:5    | Killed an ancient lich
122617 | Zot:5    | Noticed an orb of fire
122626 | Zot:5    | Killed an orb of fire
122638 | Zot:5    | Noticed an orb of fire
122646 | Zot:5    | Killed an orb of fire
122657 | Zot:5    | Noticed an orb of fire
122660 | Zot:5    | Noticed an ancient lich
122660 | Zot:5    | Killed an orb of fire
122662 | Zot:5    | Killed an ancient lich
122684 | Zot:5    | Noticed an orb of fire
122687 | Zot:5    | Noticed an orb of fire
122688 | Zot:5    | Noticed an ancient lich
122840 | Zot:5    | Killed an orb of fire
122849 | Zot:5    | Killed an orb of fire
122852 | Zot:5    | Killed an ancient lich
122894 | Zot:5    | Noticed an ancient lich
122900 | Zot:5    | Killed an ancient lich
122933 | Zot:5    | Noticed an orb of fire
122939 | Zot:5    | Killed an orb of fire
122942 | Zot:5    | Got the Orb of Zot
123249 | D:15     | Gained mutation: You are dopey. (Int -2) [mutagenic glow]
123278 | D:15     | Gained mutation: You are clumsy. (Dex -2) [mutagenic glow]
123365 | D:10     | Gained mutation: Armour fits poorly on your strangely shaped body. [mutagenic glow]
123411 | D:7      | Lost mutation: You are clumsy. (Dex -2) [potion of cure mutation]
123411 | D:7      | Lost mutation: Armour fits poorly on your strangely shaped body. [potion of cure mutation]
123499 | D:2      | Gained mutation: You occasionally shout uncontrollably at your foes. [mutagenic glow]
123534 | D:$      | Escaped with the Orb!

Vault maps used:
D:1:      lemuel_arrival_hallway, serial_bayou, serial_bayou_lagoon_a,
          serial_bayou_pond_d, serial_bayou_pond_c, serial_bayou_shore_a,
          serial_bayou_ford_a, corner_web_ring
D:2:      nicolae_overflow_crystal_walls, serial_forest,
          infiniplex_forest_end_3, infiniplex_forest_clump_diagonal,
          infiniplex_forest_lined_3_way, infiniplex_forest_clump_cross,
          infiniplex_forest_straight_2, infiniplex_forest_straight_2,
          lemuel_another_geyser
D:4:      zin_treasury, lemuel_round_altar, serial_shops,
          nicolae_shop_temple_entry_statues_fountains, first_bread,
          dk_noncrumbling_4, uniq_pikel
D:5:      minmay_opposing_rooms, minmay_temple_entry_glassed_door
D:6:      yredelemnul_altar_generic, nemelex_xobeh_ov_fountains_minmay,
          portal_sewer_entry_e
D:7:      grunt_ogre_cave, tgw_sif
D:8:      lemuel_coloured_pillars_altar, st_stairs_6
D:9:      nicolae_overflow_hidden_temple, zaba_antful_of_joy, uniq_maurice
D:11:     dpeg_oklobed_lair
D:12:     hiddenorc1_lemuel
D:13:     uniq_rupert, uniq_kirke
D:14:     david_vaults_3, minivault_26
D:15:     grunt_enter_depths_snipers, stair_cage_cross, minmay_misc_feat_hallway
Temple:   eino_temple_water_12
Lair:1:   lemuel_fruit_tree, grunt_megastairs_2
Lair:2:   lab_entry_generic, infiniplex_staircase_pool, uniq_fannar
Lair:3:   eino_small_chamber_without_monster
Lair:4:   uniq_josephine
Lair:5:   guppyfry_snake_entry_garden, infiniplex_staircase_pool_2
Lair:6:   nicolae_swamp_entry_splash_gauntlet, roderic_lost_polar_bear
Lair:7:   worms_lemuel
Lair:8:   evilmike_catoblepas_cave, slime_dummy,
          grunt_forest_small_clearing_treed, grunt_megastairs_1
Swamp:1:  serial_swamp_ruin, evilmike_swamp_ruin_rubble_1,
          evilmike_swamp_ruin_house_4, hangedman_swamp_ruin_hall
Swamp:2:  evilmike_swamp_ruin_house_2, uniq_donald
Swamp:3:  evilmike_swamp_ruin_wall, uniq_nikola
Swamp:4:  swamp_pestilence, swamp_pool1
Snake:1:  serial_shops, shop, shop, shop
Snake:2:  basic_altar
Snake:3:  serial_bayou_shore_b, uniq_aizul, uniq_agnes
Snake:4:  snake_pit
Slime:1:  cheibrodos_slime_lost_civilization_6
Orc:1:    uniq_maud
Orc:2:    grunt_orc_gardens, grunt_orc_garden, grunt_orc_garden,
          grunt_orc_garden, grunt_orc_garden, serial_shops, shop, basic_altar
Elf:1:    minmay_elf_annihilation, uniq_frances
Elf:2:    uniq_roxanne
Elf:3:    minmay_elf_hall_golems
Vaults:1: nicolae_vaults_angled_halls, hangedman_vaults_stitches,
          v_alt_pattern_3, ontoclasm_vaults_ring_square,
          dpeg_vaults_monster_box, serial_shops, nicolae_shop_behind_doors
Vaults:2: v_misc_3, nicolae_vaults_network_quinsquares, v_alt_pattern_3,
          v_misc_17, v_misc_28, nicolae_vaults_angled_halls,
          vaults_standard_mumra_x, nicolae_vaults_little_ls,
          nicolae_vaults_network_star, nicolae_vaults_diagonal_hallway_9,
          v_misc_32, ontoclasm_vaults_decontamination,
          nicolae_vaults_diagonal_hallway_7, ontoclasm_vaults_fault,
          serial_shops, shop_fountains, nicolae_shop_behind_doors, shop, shop
Vaults:3: nicolae_vaults_circle_grid_a, minmay_crypt_entry_necro_gods,
          v_misc_31, nicolae_vaults_triangles, nicolae_vaults_statue_guard,
          nicolae_vaults_little_squares_6, nicolae_vaults_back_hallway,
          v_rooms_1, v_misc_9, ontoclasm_vaults_eye, v_pattern_1,
          v_alt_pattern_4, ontoclasm_vaults_tryst,
          nicolae_trove_entry_free_sample, serial_shops,
          nicolae_shop_behind_doors
Vaults:4: nicolae_vaults_little_squares_2, nicolae_vaults_c_with_doors,
          hangedman_vaults_corner, hangedman_vaults_stream, vaults_mumra_hex,
          nicolae_vaults_little_squares_4, grunt_vaults_twisty,
          nicolae_vaults_stairing_the_circle, nicolae_vaults_rhombus_5,
          hangedman_vaults_snaps, nicolae_vaults_shelves_hall,
          nicolae_vaults_little_squares_6, v_misc_23, ontoclasm_vaults_gateway,
          serial_shops, nicolae_shop_temple_entry_statues_fountains
Vaults:5: serial_shops
Crypt:1:  grunt_crypt_arrival_webbed
Crypt:3:  evilmike_haunted_forest, uniq_xtahua, uniq_khufu
Tomb:1:   uniq_jory, uniq_mara
Depths:1: minmay_containers, hellmouth_1, mikee_hates_you
Depths:2: hangedman_grunt_twisty_little_passages, abyss_entry, hell_entry,
          basic_stair_grate_trap, infiniplex_staircase_zigzag_3, uniq_asterion
Depths:3: due_chaos_kobolds, enter_ziggurat_b, pf_hell_entry_great_geh,
          grunt_pan_entry_in_and_out, nicolae_ashenzari_panopticon, abyss_entry,
          grunt_megastairs_3
Depths:4: minmay_outward_triangles, lightli_too_deep, marbit_kobold_abyss_entry,
          minmay_misc_feat_chi
Depths:5: grunt_zot_entry_tricorne, grunt_hell_entry_dis_grunt,
          roderic_lattice_a, basic_stair_grate_trap, uniq_jorgrun
Dis:2:    grunt_megastairs_4
Dis:5:    lemuel_elevator
Dis:7:    iron_city_of_dis
Geh:6:    hangedman_elemental_corridor
Geh:7:    geh_grunt_pentagon
Coc:7:    coc_hangedman
Tar:1:    nicolae_tar_cuneiform_sun
Tar:7:    tar_mu
Zot:1:    grunt_deathspiral_small
Zot:2:    kennysheep_blocky_hall
Zot:3:    basic_stair_grate_trap
Zot:4:    nicolae_moth_party
Zot:5:    nrook_zot_tub
Abyss:3:  minivault_28, due_evilmike_abyss_rune_seething_liches
Abyss:4:  hangedman_abyss_mock_shop, hangedman_abyss_rune_macabre_mess
Abyss:5:  hangedman_abyss_exit_choices, hangedman_summoners_spam
Pan:      evilmike_mini_pan_thingy, evilmike_mini_pan_branches,
          pan_blood_fountain_2, uniq_mennas_pan, evilmike_mini_pan_3x3,
          pan_blood_fountain_small, nicolae_pan_gloorx_vloqian_4, rand_demon_1,
          rand_demon_7, evilmike_mini_pan_possible_glass, rand_demon_6,
          pan_blood_fountain_2, evilmike_holy_pan, lom_lobon_st, cerebov_st,
          uniq_mennas_pan, nicolae_pan_gloorx_vloqian_1,
          evilmike_mini_pan_doors, evilmike_mnoleg_eyes, rand_demon_6,
          nicolae_pan_sigil_uleosi, nicolae_pan_mnolegish_4,
          evilmike_mini_pan_rooms, nicolae_pan_mnolegish_5,
          nicolae_pan_sick_transit, rand_demon_9, rand_demon_1,
          pan_blood_fountain_small, evilmike_mini_pan_rooms,
          evilmike_mini_pan_possible_glass, rand_demon_6,
          pan_blood_fountain_small, rand_demon_3, pan_blood_fountain_small,
          pan_blood_fountain, grunt_pan_sceptre, uniq_ignacio,
          nicolae_pan_cerebovesque_3, evilmike_mini_pan_murderfest,
          evilmike_mini_pan_corner, uniq_ignacio, rand_demon_5,
          pan_blood_fountain_small, pan_blood_fountain,
          evilmike_mini_pan_pillars, uniq_ignacio, evilmike_mini_pan_T,
          pan_surprise, rand_demon_6, pan_blood_fountain_small,
          nicolae_pan_cerebovesque_1, evilmike_mini_pan_possible_glass,
          nicolae_pan_mnolegish_3, evilmike_mini_pan_other_thingy,
          evilmike_mini_pan_layers, rand_demon_3, pan_blood_fountain,
          evilmike_gloorx_vloq_box, nicolae_pan_sigil_nadil, rand_demon_2,
          pan_blood_fountain_small, evilmike_mini_pan_corner,
          pan_blood_fountain, nicolae_pan_lom_lobonic_4, rand_demon_5,
          nicolae_pan_lom_lobonic_3
Zig:3:    ziggurat_loot_3
Zig:8:    ziggurat_loot_1
Zig:11:   ziggurat_pillar_centre_oklobs
Zig:12:   ziggurat_pillar_centre_c
Zig:13:   ziggurat_pillar_centre_dead_trees
Zig:19:   ziggurat_loot_2, ziggurat_loot_2
Zig:20:   ziggurat_pillar_centre_more_plants
Zig:23:   ziggurat_pillar_centre_smoke
Lab:      labyrinth_skeletal_remains, nicolae_lab_flowing_pool,
          nicolae_lab_t_cross, nicolae_lab_arrow, nicolae_lab_grate
Trove:    trove_garden
Sewer:    sewer_co_tree

Skill      XL: |  1  2  3  4  5  6  7  8  9 10 11 12 13 14 15 16 17 18 19 20 21 22 23 24 25 26 27 |
---------------+----------------------------------------------------------------------------------+-----
Fire Magic     | 4 5 7 8 10 12 13 15 16 17 18 19 20 21 27 | 27.0
Spellcasting   | 2 3 4 5 7 8 9 10 11 12 13 14 16 26 | 26.0
Shields        | 1 2 3 4 8 10 20 | 20.7
Conjurations   | 2 3 5 6 7 8 9 11 13 14 15 26 | 26.5
Dodging        | 2 4 6 8 9 10 11 12 23 | 23.1
Fighting       | 4 6 8 10 11 13 15 27 | 27.0
Earth Magic    | 2 6 8 10 11 12 13 15 16 18 20 27 | 27.0
Armour         | 6 8 10 11 13 15 25 | 25.9
Evocations     | 2 7 |  7.0
Necromancy     | 11 | 11.9
Charms         | 11 | 11.0
Stealth        | 12 | 12.4

Action                   |  1- 3 |  4- 6 |  7- 9 | 10-12 | 13-15 | 16-18 | 19-21 | 22-24 | 25-27 || total
-------------------------+-------+-------+-------+-------+-------+-------+-------+-------+-------++-------
Melee: Dagger            |    30 |    76 |     9 |    36 |       |    47 |    49 |   173 |   393 ||   813
       Long sword        |       |       |       |       |    48 |    40 |       |       |       ||    88
       War axe           |       |       |       |       |       |       |       |       |    12 ||    12
       Rapier            |       |       |       |       |       |       |       |       |    58 ||    58
 Cast: Flame Tongue      |    48 |   110 |   212 |   455 |    90 |    10 |       |       |       ||   925
       Conjure Flame     |       |     2 |     7 |    28 |    26 |    32 |     6 |    11 |    11 ||   123
       Shock             |       |       |    13 |    99 |     7 |       |       |       |       ||   119
       Fulminant Prism   |       |       |       |    48 |    83 |    56 |     8 |    32 |     6 ||   233
       Throw Flame       |       |       |       |    34 |   230 |   143 |    12 |     1 |       ||   420
       Sticky Flame      |       |       |       |    14 |    75 |    50 |    54 |    98 |   108 ||   399
       Stone Arrow       |       |       |       |   119 |   636 |   744 |   234 |   218 |    57 ||  2008
       Fireball          |       |       |       |       |    34 |   113 |   223 |   339 |   746 ||  1455
       Delayed Fireball  |       |       |       |       |     6 |     9 |     8 |     3 |    15 ||    41
       Inner Flame       |       |       |       |       |     7 |     8 |       |       |       ||    15
       Iron Shot         |       |       |       |       |       |    65 |    28 |   155 |  1323 ||  1571
       Bolt of Fire      |       |       |       |       |       |    21 |    55 |    23 |   362 ||   461
       Fire Storm        |       |       |       |       |       |       |       |       |   753 ||   753
       Sublimation of Bl |       |       |       |       |       |       |       |       |   528 ||   528
       Lehudib's Crystal |       |       |       |       |       |       |       |       |   346 ||   346
       Regeneration      |       |       |       |       |       |       |       |       |   234 ||   234
       Shatter           |       |       |       |       |       |       |       |       |   217 ||   217
       Haste             |       |       |       |       |       |       |       |       |    55 ||    55
       Repel Missiles    |       |       |       |       |       |       |       |       |     7 ||     7
 Abil: Release Delayed F |       |       |       |       |     6 |     9 |     8 |     1 |    11 ||    35
       Evoke Flight      |       |       |       |       |       |       |       |       |     5 ||     5
       Evoke Blink       |       |       |       |       |       |       |       |       |     3 ||     3
       Stop Flying       |       |       |       |       |       |       |       |       |     2 ||     2
       Evoke Invisibilit |       |       |       |       |       |       |       |       |     1 ||     1
Evoke: Wand              |       |     1 |     2 |     6 |     8 |    13 |     1 |    12 |    44 ||    87
       Sack of spiders   |       |       |       |       |       |     2 |       |       |       ||     2
       Figurine of a zig |       |       |       |       |       |       |       |       |     1 ||     1
  Use: Potion            |     2 |       |     6 |     6 |     1 |     6 |     2 |     3 |    43 ||    69
       Scroll            |       |       |       |    18 |    11 |    15 |    11 |    23 |   143 ||   221
 Stab: Sleeping          |       |     1 |       |       |       |       |       |       |       ||     1
       Distracted        |       |       |       |       |       |       |       |     1 |       ||     1
  Eat: Chunk             |     3 |     9 |     8 |    21 |    44 |    28 |    37 |    50 |   173 ||   373
       Meat ration       |       |       |     1 |     1 |       |     4 |     1 |     3 |    20 ||    30
       Beef jerky        |       |       |     1 |     1 |     3 |     3 |     1 |       |    15 ||    24
       Fruit             |       |       |       |     2 |       |    17 |     3 |     2 |    12 ||    36
       Bread ration      |       |       |       |     1 |     4 |     7 |       |     2 |    17 ||    31
       Royal jelly       |       |       |       |       |       |     1 |       |       |    14 ||    15
       Pizza             |       |       |       |       |       |       |       |       |     2 ||     2
Armor: Robe              |     6 |    22 |    16 |    50 |    22 |       |       |       |       ||   116
       Pearl dragon armo |       |       |       |       |    89 |   239 |   120 |   316 |  1188 ||  1952
Dodge: Dodged            |    20 |    59 |    43 |   152 |   186 |   269 |   107 |   300 |  1275 ||  2411
       Deflected         |       |       |       |       |       |       |       |       |    32 ||    32
Block: Buckler           |       |       |    20 |    81 |   143 |   226 |    89 |   294 |  1030 ||  1883
       Reflection        |       |       |       |       |       |       |       |    19 |    58 ||    77
